 Dungeon Crawl Stone Soup version 0.31.0-1-g2c135a0 (webtiles) character file.

Game seed: 6130283151413164044

14159919 geeeeen the Ruinous (level 27, 184/184 HPs)
             Began as a Gargoyle Conjurer on Mar 6, 2024.
             Was the Champion of Sif Muna.
             Escaped with the Orb
             ... and 15 runes on Mar 15, 2024!
             The game lasted 10:01:48 (111836 turns).

geeeeen the Ruinous (Gargoyle Conjurer)           Turns: 111836, Time: 10:01:48

Health: 184/184    AC: 47    Str: 18    XL:     27
Magic:  53/53      EV: 18    Int: 37    God:    Sif Muna [******]
Gold:   9524       SH: 11    Dex: 11    Spells: 6/61 levels left

rFire   + + .        a - staff of conjuration
rCold   + . .        M - +2 buckler {rC+ rF+}
rNeg    + . .        Q - +5 faerie dragon scales {Regen+ rCorr Str+2}
rPois   ∞            s - +2 helmet {Int+3}
rElec   +            B - scarf {repulsion}
rCorr   +            n - +1 pair of gloves "Egov" {rF+ Str+3}
SInv    +            Y - +1 pair of boots of Rotation {SInv}
Will    +++..        d - amulet of Vitality {RegenMP++ Regen++}
Stlth   +++          j - ring of Roaj {rC+ MP+9}
HPRegen 2.90/turn    h - ring "Kenokh" {Will+ Int+4}
MPRegen 1.13/turn

%: random rage (3%), repel missiles
@: flying, studying Unarmed Combat
A: sickness immunity, AC +20, big wings, negative energy resistance 1,
electricity resistance, torment resistance 1, petrification resistance, hooves
1, see invisible, berserk 1, clever 1, deterioration 1, wild magic 1, no potion
heal 1, cold vulnerability 1, inability to read after injury 1
0: Orb of Zot
}: 15/15 runes: serpentine, barnacled, slimy, silver, golden, iron, obsidian,
icy, bone, abyssal, demonic, glowing, magical, fiery, dark
a: Renounce Religion, Channel Magic, Forget Spell, Divine Exegesis


You escaped.
You worshipped Sif Muna.
Sif Muna was exalted by your worship.
You visited 18 branches of the dungeon, and saw 88 of its levels.
You visited Pandemonium 1 time, and saw 12 of its levels.
You visited the Abyss 2 times.
You visited 1 bazaar.
You also visited: Gauntlet.

You collected 14180 gold pieces.
You spent 4656 gold pieces at shops.

Inventory:

Hand Weapons
 c - a +9 heavy dagger
 p - the +13 sceptre of Asmodeus
   (You took it off Asmodeus on level 7 of Gehenna)

   Fire Summon: It may summon demons of flame and damnation when striking foes.
Missiles
 E - 10 throwing nets
Armour
 n - the +1 pair of gloves "Egov" (worn) {rF+ Str+3}
   (You acquired it on level 3 of the Crypt)

   Str+3:     It affects your strength (+3).
   rF+:       It protects you from fire.
 s - a +2 helmet of intelligence (worn)
 B - a scarf of repulsion (worn)
 M - a +2 buckler of resistance (worn)
 Q - the +5 faerie dragon scales (worn) {Regen+ rCorr Str+2}
   (You took it off the Enchantress on level 3 of the Depths)

   Str+2:     It affects your strength (+2).
   Regen+:    It increases your rate of health regeneration.
   rCorr:     It protects you from acid and corrosion.
 Y - the +1 pair of boots of Rotation (worn) {SInv}
   (You acquired it on level 7 of Cocytus)

   SInv:      It lets you see invisible.
Magical Staves
 a - a staff of conjuration (weapon)
 b - the staff "Pendulum" {rElec rF+ rC+ Dex+3 Fire}
   (You found it on level 7 of Tartarus)

   [staff of fire]

   Base accuracy: +5 Base damage: 5 Base attack delay: 1.2 This weapon's minimum
   attack delay (0.6) is reached at skill level 12.
   Dex+3:     It affects your dexterity (+3).
   rF+:       It protects you from fire.
   rC+:       It protects you from cold.
   rElec:     It insulates you from electricity.
   Fire:      It increases the power of your Fire spells.
   It falls into the 'Staves' category.
   It is a one-handed weapon.
Jewellery
 d - the amulet of Vitality (around neck) {RegenMP++ Regen++}
   (You found it on level 15 of the Dungeon)

   [amulet of magic regeneration]

   RegenMP:   It increases your rate of magic regeneration.
   Regen++:   It increases your rate of health regeneration.
 h - the ring "Kenokh" (right hand) {Will+ Int+4}
   (You found it on level 1 of the Vaults)

   [ring of willpower]

   Int+4:     It affects your intelligence (+4).
   Will+:     It increases your willpower.
 j - the ring of Roaj (left hand) {rC+ MP+9}
   (You acquired it on level 3 of the Shoals)

   [ring of protection from cold]

   rC+:       It protects you from cold.
   MP+9:      It affects your magic capacity (+9).
 v - the ring "Juko" {rF+ AC+4 Int+2}
   (You took it off a frost giant on level 5 of the Vaults)

   [ring of protection]

   AC+4:      It affects your AC (+4).
   Int+2:     It affects your intelligence (+2).
   rF+:       It protects you from fire.
 F - the ring of Naoq {rElec rN+ rCorr Int+3}
   (You found it in a Gauntlet)

   [ring of positive energy]

   Int+3:     It affects your intelligence (+3).
   rElec:     It insulates you from electricity.
   rN+:       It protects you from negative energy.
   rCorr:     It protects you from acid and corrosion.
 J - an amulet of reflection
 P - a ring of wizardry
Wands
 V - a wand of digging (31)
 X - a wand of quicksilver (69)
Scrolls
 g - 6 scrolls of immolation
 i - 2 scrolls of revelation
 l - 9 scrolls of amnesia
 q - 9 scrolls of teleportation
 u - 10 scrolls of poison
 y - 4 scrolls of blinking
 A - 6 scrolls of silence
 D - 7 scrolls of enchant armour
 G - 12 scrolls of vulnerability
 K - 13 scrolls of fear
 L - 5 scrolls of butterflies
 N - 3 scrolls of torment
 U - 8 scrolls of fog
Potions
 e - 9 potions of resistance
 f - 10 potions of might
 k - 21 potions of curing
 o - 11 potions of brilliance
 r - 10 potions of ambrosia
 t - a potion of invisibility
 w - a potion of attraction
 x - 8 potions of magic
 C - 8 potions of heal wounds
 H - 11 potions of enlightenment
 O - a potion of haste
 S - 11 potions of lignification
 T - a potion of cancellation
 W - 9 potions of berserk rage
Miscellaneous
 m - the horn of Geryon
 z - a box of beasts
 I - a condenser vane
 R - a phantom mirror
 Z - a lightning rod (4/4)


   Skills:
 + Level 21.7 Fighting
 - Level 5.0 Short Blades
 - Level 12.0 Staves
 - Level 5.0 Ranged Weapons
 + Level 21.2 Armour
 + Level 18.2 Dodging
 + Level 22.8 Stealth
 + Level 19.6 Shields
 + Level 17.9 Spellcasting
 + Level 24.5 Conjurations
 - Level 8.0 Summonings
 - Level 5.0 Translocations
 * Level 22.4 Fire Magic
 - Level 5.0 Ice Magic
 - Level 5.0 Air Magic
 + Level 22.2 Earth Magic
 - Level 8.0 Alchemy
 + Level 19.6 Invocations
 + Level 18.7 Evocations


You had 6 spell levels left.
You knew the following spells:

 Your Spells              Type           Power      Damage    Failure   Level
a - Ignition              Fire           65%        3d17      1%          8
b - Spellforged Servitor  Conj/Summ      70%        N/A       2%          7
c - Fire Storm            Conj/Fire      79%        8d20      12%         9
e - Sticky Flame          Fire/Alch      100%       2d15      1%          4
f - Blink                 Tloc           100%       N/A       1%          2
g - Orb of Destruction    Conj           80%        9d18      1%          7
h - Freezing Cloud        Conj/Ice/Air   62%        6-21      1%          5
i - Irradiate             Conj/Alch      70%        3d35      1%          5
j - Lehudib's Crystal Sp  Conj/Erth      79%        10d18     1%          8

Your spell library contained the following spells:

 Spells                   Type           Power      Damage    Failure   Level
 Apportation              Tloc           100%       N/A       1%          1
 Foxfire                  Conj/Fire      100%       2x1d9     1%          1
 Freeze                   Ice            100%       1d10      1%          1
 Kiss of Death            Conj/Necr      100%       2d13      1%          1
 Magic Dart               Conj           100%       1d8       1%          1
 Sandblast                Erth           100%       2d20      1%          1
 Shock                    Conj/Air       100%       1d9       1%          1
 Sting                    Conj/Alch      100%       1d9       1%          1
 Summon Small Mammal      Summ           100%       N/A       1%          1
 Call Imp                 Summ           100%       N/A       1%          2
 Ensorcelled Hibernation  Hex/Ice        100%       N/A       1%          2
 Lesser Beckoning         Tloc           100%       N/A       1%          2
 Mercury Vapours          Alch/Air       100%       N/A       1%          2
 Momentum Strike          Conj/Tloc      100%       3d10      1%          2
 Scorch                   Fire           100%       2d9       1%          2
 Searing Ray              Conj           100%       2d8       1%          2
 Static Discharge         Conj/Air       100%       3-8/arc   1%          2
 Call Canine Familiar     Summ           88%        N/A       1%          3
 Dazzling Flash           Conj/Hex       100%       N/A       1%          3
 Frozen Ramparts          Ice            100%       1d16      1%          3
 Gell's Gravitas          Tloc           74%        N/A       1%          3
 Hailstorm                Conj/Ice       100%       3d16      1%          3
 Inner Flame              Hex/Fire       100%       N/A       1%          3
 Mephitic Cloud           Conj/Alch/Air  100%       N/A       1%          3
 Ozocubu's Armour         Ice            74%        N/A       1%          3
 Passwall                 Erth           100%       N/A       1%          3
 Stone Arrow              Conj/Erth      100%       3d13      1%          3
 Summon Ice Beast         Ice/Summ       81%        N/A       1%          3
 Swiftness                Air            74%        N/A       1%          3
 Teleport Other           Tloc           74%        N/A       1%          3
 Volatile Blastmotes      Fire/Tloc      100%       2d18      1%          3
 Animate Armour           Summ/Erth      100%       N/A       1%          4
 Brom's Barrelling Bould  Conj/Erth      100%       2d11      1%          4
 Flame Wave               Conj/Fire      100%       2d21      1%          4
 Fulminant Prism          Conj/Alch      70%        3d30      1%          4
 Ignite Poison            Fire/Alch      100%       N/A       1%          4
 Iskenderun's Mystic Bla  Conj/Tloc      100%       2d19      1%          4
 Leda's Liquefaction      Alch/Erth      56%        N/A       1%          4
 Olgreb's Toxic Radiance  Alch           88%        N/A       1%          4
 Petrify                  Alch/Erth      100%       N/A       1%          4
 Summon Blazeheart Golem  Fire/Summ      100%       N/A       1%          4
 Summon Lightning Spire   Summ/Air       81%        N/A       1%          4
 Arcjolt                  Conj/Air       67%        1d77      1%          5
 Borgnjor's Vile Clutch   Necr/Erth      50%        N/A       1%          5
 Fireball                 Conj/Fire      79%        3d29      1%          5
 Iskenderun's Battlesphe  Conj           100%       2d15      1%          5
 Lee's Rapid Deconstruct  Erth           65%        3d30*     1%          5
 Bombard                  Conj/Erth      79%        9d13      1%          6
 Conjure Ball Lightning   Conj/Air       67%        3x3d25    1%          6
 Plasma Beam              Fire/Air       54%        2x1d69    1%          6
 Starburst                Conj/Fire      79%        6d20      1%          6
 Necrotise                Necr           100%       1d9       2%          1
 Slow                     Hex            100%       N/A       2%          1
 Alistair's Intoxication  Alch           58%        N/A       2%          5
 Jinxbite                 Hex            86%        N/A       3%          2
 Airstrike                Air            37%        2d(6-22)  3%          4
 Manifold Assault         Tloc           74%        N/A       3%          4
 Passage of Golubria      Tloc           74%        N/A       3%          4
 Vhi's Electric Charge    Tloc/Air       100%       N/A       3%          4
 Martyr's Knell           Necr/Summ      69%        N/A       4%          4
 Summon Forest            Summ/Tloc      40%        N/A       4%          5
 Confusing Touch          Hex            43%        N/A       6%          3
 Fugue of the Fallen      Necr           43%        N/A       6%          3
 Sigil of Binding         Hex            43%        N/A       6%          3
 Tukima's Dance           Hex            43%        N/A       6%          3
 Vampiric Draining        Necr           43%        2d9       6%          3
 Dimensional Bullseye     Hex/Tloc       30%        N/A       7%          4
 Summon Mana Viper        Hex/Summ       69%        N/A       10%         5
 Yara's Violent Unravell  Hex/Alch       34%        3d14      10%         5
 Eringya's Noxious Bog    Alch           44%        4d6       11%         6
 Summon Cactus Giant      Summ           44%        N/A       11%         6
 Anguish                  Hex/Necr       21%        N/A       17%         4
 Animate Dead             Necr           43%        N/A       17%         4
 Cause Fear               Hex            21%        N/A       17%         4
 Dispel Undead            Necr           43%        3d17      17%         4
 Metabolic Englaciation   Hex/Ice        30%        N/A       17%         5
 Silence                  Hex/Air        30%        N/A       17%         5
 Sculpt Simulacrum        Ice/Alch       40%        N/A       19%         6
 Dispersal                Tloc           37%        N/A       32%         6
 Curse of Agony           Necr           43%        N/A       41%         5
 Death Channel            Necr           21%        N/A       92%         6
 Shatter                  Erth           65%        3d48*     19%         9
 Monstrous Menagerie      Summ           44%        N/A       45%         7
 Summon Hydra             Summ           44%        N/A       45%         7
 Malign Gateway           Summ/Tloc      40%        N/A       65%         7
 Ozocubu's Refrigeration  Ice            37%        4d15      85%         7
 Haunt                    Necr/Summ      34%        N/A       93%         7
 Summon Horrible Things   Summ           44%        N/A       98%         8
 Chain Lightning          Conj/Air       67%        3d90      98%         9
 Enfeeble                 Hex            21%        N/A       100%        7
 Borgnjor's Revivificati  Necr           21%        N/A       100%        8
 Discord                  Hex            21%        N/A       100%        8
 Disjunction              Tloc           37%        N/A       100%        8
 Infestation              Necr           21%        N/A       100%        8
 Maxwell's Capacitive Co  Air            37%        ∞         100%        8
 Death's Door             Necr           21%        N/A       100%        9
 Dragon's Call            Summ           44%        N/A       100%        9
 Polar Vortex             Ice            37%        12d4*     100%        9
 Cigotuvi's Dreadful Rot  Necr/Alch/Air  Unusable   N/A       N/A         2
 Sublimation of Blood     Necr           Unusable   N/A       N/A         2

Dungeon Overview and Level Annotations

Branches:
Dungeon (15/15)            Temple (1/1) D:7            Lair (5/5) D:8
 Shoals (4/4) Lair:3        Snake (4/4) Lair:3        Slime (5/5) Lair:5
    Orc (2/2) D:10            Elf (3/3) Orc:2        Vaults (5/5) D:13
  Crypt (3/3) Vaults:2       Tomb (3/3) Crypt:3      Depths (4/4) D:15
   Hell (visited)             Dis (7/7) Hell            Geh (7/7) Hell
    Coc (7/7) Hell            Tar (7/7) Hell            Zot (5/5) Depths:4
Gauntlet (visited)

Altars:
Ashenzari
Cheibriados
Dithmenos
Elyvilon
Fedhas
Gozag
Hepliaklqana
Kikubaaqudgha
Makhleb
Nemelex Xobeh
Okawaru
Qazlal
Ru
Sif Muna
Trog
Uskayaw
Vehumet
Wu Jian
Xom
Yredelemnul
Zin
The Shining One
Jiyva

Shops:
D:5 ?(   D:9 :   D:11 (   D:12 *   Orc:2 [*=(   Elf:3 *   Vaults:1 [
Vaults:3 *   Vaults:4 (   Depths:4 !

Portals:
Hell: Depths:1 Depths:2 Depths:3 Depths:4
Abyss: Depths:3
Pandemonium: Depths:2
Ziggurat: Depths:4

Annotations:
Geh:7 exclusion: door


Innate Abilities, Weirdness & Mutations

You are immune to sickness and miasma.
Your stone body is resilient. (AC +20)
You are immune to poison.
Your large and strong wings let you fly.
You resist negative energy. (rN+)
You are resistant to electric shocks. (rElec)
You are resistant to unholy torment.
You are immune to petrification.
You have large cloven feet.
You have supernaturally acute eyesight. (SInv)
You sometimes lose your temper in combat.
Your mind is acute. (Int +4, Str/Dex -1)
Your body sometimes deteriorates upon taking damage.
Your spells are a little harder to cast, but a little more powerful.
Potions are less effective at restoring your health.
You are vulnerable to cold. (rC-)
You occasionally lose the ability to read scrolls when taking damage.


Message History

Magic restored.
There is a stone staircase leading up here.
You fly upwards.
There is a stone staircase leading down here.
You see here a +0 whip.
You hear a grinding noise.
A cacodemon and a sixfirhy come into view.
Casting: Lehudib's Crystal Spear (dangerous; 1% risk of failure)
Confirm with . or Enter, or press ? or * to list all spells.
Aiming: Fire Storm (dangerous; 12% risk of failure)
Press: ? - help, Dir - move target You feel a surge of power!
You miscast Fire Storm.
You are very lightly contaminated with residual magic.
Strange energies run through your body!
Unknown command.
Casting: Fire Storm (dangerous; 12% risk of failure)
Confirm with . or Enter, or press ? or * to list all spells.
Aiming: Lehudib's Crystal Spear (dangerous; 1% risk of failure)
Press: ? - help, Shift-Dir - straight line, f - sixfirhy
Aim: a sixfirhy (67% to hit)
You feel a surge of power!
The crystal spear hits the sixfirhy!!!!
You kill the sixfirhy!
Sif Muna accepts your kill.
Unknown command.
Casting: Lehudib's Crystal Spear (dangerous; 1% risk of failure)
Confirm with . or Enter, or press ? or * to list all spells.
Aiming: Lehudib's Crystal Spear (dangerous; 1% risk of failure)
Press: ? - help, Shift-Dir - straight line, f - cacodemon
Aim: a cacodemon (85% to hit)
You feel a surge of power!
The crystal spear hits the cacodemon!!!!
You kill the cacodemon!
Sif Muna accepts your kill.
What level of the Dungeon? (default 1, ? - help)
Okay, then.
HP restored.
Magic restored.
Your magical contamination has completely faded away.
There is a staircase leading out of the dungeon here.
You have escaped!

#.#.###.#.#....#
#......###.....#
###.#...#.#.####
#.#.##.########## #.#.####
#.....# #.#.# ##.8.8.##
#.#.# #.......# #####.#.#
###......8# #.....#.#
#@#..###..## #.#####.#
#.#..#a#...# #.# #.#
#.#..#c#..8### #.# #.#
#.#..#r#.....# #.# #.#
#.#..#w#..8#.##### #.# #.#
#.#[.#l#...#...... #.# #.#
#.#..###..######## ##.##
#)####........8#
####...####....#.........#


There were no monsters in sight!

Vanquished Creatures
  Cerebov (Pan)
  Antaeus (Coc:7)
  Asmodeus (Geh:7)
  Ereshkigal (Tar:7)
  the Royal Jelly (Slime:5)
  the Serpent of Hell (Dis:7)
  Mnoleg (Pan)
  Gloorx Vloq (Pan)
  Lom Lobon (Pan)
  Dispater (Dis:7)
  2 dread liches
  5 orbs of fire
  6 ancient liches
  Mennas (Crypt:1)
  3 juggernauts (Dis:7)
  13 royal mummies
  24 shard shrikes
  Vv (Depths:3)
  5 Killer Klowns
  Bai Suzhen (Crypt:2)
  31 caustic shrikes
  2 pandemonium lords (Pan)
  5 profane servitors
  6 golden dragons
  the Enchantress (Depths:3)
  23 bone dragons
  19 Tzitzimimeh
  2 electric golems
  10 doom hounds
  10 Brimstone Fiends
  6 hellephants
  5 iron giants
  2 shard shrike skeletons (Tar:7)
  Mlioglotl (Snake:2)
  Zenata (Vaults:4)
  26 Orb Guardians
  13 Hell Sentinels
  15 tentacled monstrosities
  14 tainted leviathans
  4 liches
  22 Ice Fiends
  16 titans
  A walking frostbound tome (Depths:2)
  6 quicksilver dragons
  Asterion (Snake:2)
  2 deep elf master archers (Elf:3)
  21 searing wretches
  20 acid blobs
  2 deep elf blademasters (Elf:3)
  11 sphinxes
  38 ancient champions
  Frances (Snake:1)
  16 Executioners
  4 tentacled starspawn
  15 shadow dragons
  7 death cobs
  8 tengu reavers
  8 storm dragons
  Donald (Snake:2)
  8 protean progenitors
  20 rockslimes
  15 narguns
  23 azure jellies
  An emperor scorpion (Depths:3)
  12 revenants
  3 draconian knights (Zot:2)
  Roxanne (Shoals:3)
  7 frost giants
  A fenstrider witch (Pan)
  3 draconian monks
  17 fire giants
  4 draconian scorchers
  15 vault wardens
  7 iron dragons
  8 deep elf sorcerers
  5 demonspawn warmongers (Pan)
  11 quicksilver elementals
  3 draconian shifters
  37 balrugs
  2 ghouls (Crypt:1)
  A spectral caustic shrike (Tar:5)
  3 ghost moths
  2 curse skulls
  6 orc warlords
  An angel (D:3)
  4 draconian stormcallers
  16 reapers
  2 deep elf elementalists (Elf:3)
  7 spriggan defenders
  8 shard shrike simulacra
  18 very ugly things
  7 caustic shrike skeletons
  2 juggernaut skeletons
  4 demonspawn blood saints (Pan)
  3 draconian annihilators
  8 cacodemons
  11 formless jellyfish
  8 quicksilver oozes
  3 demonspawn black suns (Pan)
  9 stone giants
  An eleionoma (Depths:3)
  10 vampire knights (Crypt:3)
  7 ironbound thunderhulks
  8 green draconians
  10 deep elf demonologists
  10 bennus
  19 ironbound preservers
  20 elemental wellsprings
  19 putrid mouths
  5 lorocyprocas
  9 deep elf death magi
  2 spark wasps (Depths:4)
  12 wendigos
  8 purple draconians
  10 white draconians
  12 black draconians
  44 war gargoyles
  2 bunyips (Pan)
  A minotaur (Gauntlet)
  9 red draconians
  4 yellow draconians (Zot:5)
  5 dire elephants
  Azrael (D:13)
  17 deep elf annihilators
  15 mummy priests
  14 iron golems
  2 crystal guardians
  A pearl dragon zombie (Crypt:2)
  12 blizzard demons
  5 merfolk javelineers (Shoals:4)
  14 ettins
  11 eidola
  2 jiangshi
  9 green deaths
  2 spectral quicksilver dragons (Tar:2)
  Josephine (Lair:5)
  9 yaktaur captains
  4 deep elf high priests
  9 fire dragons
  10 merfolk impalers
  A spectral spriggan (Tar:1)
  2 hydras
  40 vault guards
  11 caustic shrike simulacra
  10 ice dragons
  4 peacekeepers
  5 rakshasas
  13 salamander tyrants
  An ogre mage (Orc:1)
  15 great orbs of eyes
  A satyr (Shoals:3)
  2 spriggan zombies
  A jorogumo (Pan)
  2 hell beasts
  2 catoblepae
  3 juggernaut simulacra
  Erica (D:8)
  9 spriggan air magi
  8 boulder beetles
  10 ironbound frosthearts
  A spriggan skeleton (Tar:7)
  13 anacondas
  2 death knights
  2 merfolk avatars
  5 two-headed ogres
  22 stokers
  2 centaur warriors (D:15)
  4 merfolk aquamancers
  An alligator snapping turtle (Shoals:3)
  21 death scarabs (Tomb:1)
  A spectral stone giant (Tar:2)
  28 dancing weapons
  13 death yaks
  3 deep troll shamans
  11 naga sharpshooters
  4 deep troll earth magi
  7 tengu warriors
  24 hell hogs
  2 orc high priests
  11 naga warriors
  Urug (Orc:2)
  2 demonic crawlers (Pan)
  2 occultists
  10 shock serpents
  11 spriggan berserkers
  9 nameless horrors
  6 vampire magi
  24 deep elf knights
  5 wretched stars
  A storm dragon zombie (Crypt:3)
  11 crystal echidnas
  10 soul eaters
  2 spectral death yaks (Lair:5)
  Nergalle (Lair:1)
  A spatial maelstrom (Abyss:2)
  An iron troll (Depths:4)
  7 skysharks
  29 sun demons
  9 hell knights
  10 salamander mystics
  25 shadow wraiths
  18 sixfirhies
  32 skeletal warriors
  A spectral anaconda (Lair:5)
  3 naga ritualists
  An anaconda zombie (Tomb:2)
  3 quicksilver dragon simulacra
  15 mana vipers
  6 sea snakes
  3 spriggan simulacra
  7 spriggan druids (Depths:3)
  4 arcanists
  2 sun moths (Pan)
  22 deep trolls
  3 glowing orange brains (Slime:5)
  2 obsidian statues
  7 flayed ghosts
  20 deep elf archers
  32 deep elf pyromancers
  12 shadow demons
  A jorogumo zombie (Crypt:2)
  A glowing orange brain (shapeshifter) (Vaults:4)
  17 lindwurms
  16 harpies
  20 phantasmal warriors
  26 ironbound convokers
  Pikel (D:4)
  13 orc knights
  A fenstrider witch simulacrum (Coc:1)
  29 deep elf zephyrmancers
  5 necromancers
  A shining eye (shapeshifter) (Vaults:5)
  A wolf spider (shapeshifter) (Vaults:5)
  An iron dragon zombie (Hell)
  32 ugly things
  32 salamanders
  A worldbinder (Abyss:1)
  13 fauns
  A goliath frog skeleton (Crypt:1)
  A stone giant zombie (Vaults:1)
  14 manticores
  9 orc sorcerers
  24 moths of wrath
  A cyclops (D:14)
  11 shining eyes
  A moth of wrath (shapeshifter) (Vaults:5)
  10 guardian serpents
  A kobold blastminer (Orc:2)
  3 centaur zombies (Crypt:3)
  A meliai (shapeshifter) (Elf:1)
  45 black mambas
  12 naga magi
  2 apis skeletons (Crypt:2)
  11 elephants (Lair:5)
  8 merfolk sirens
  2 dire elephant zombies (Tomb:2)
  5 titan simulacra
  3 apocalypse crabs
  23 vault sentinels
  14 water nymphs
  7 eyes of devastation
  6 molten gargoyles (Hell)
  A black mamba (shapeshifter) (D:14)
  3 ice statues
  A rust devil (Depths:3)
  An iron dragon skeleton (Crypt:2)
  12 cane toads
  A stone giant skeleton (Tomb:2)
  An eye of devastation (shapeshifter) (Vaults:5)
  A mana viper zombie (Crypt:1)
  9 orange demons
  17 smoke demons
  A death yak zombie (Crypt:1)
  Maggie (D:8)
  An alligator snapping turtle zombie (Crypt:3)
  A storm dragon simulacrum (Coc:1)
  A yaktaur zombie (Vaults:1)
  49 hellions
  A sea snake zombie (Hell)
  A dire elephant skeleton (Lair:5)
  13 large abominations
  An unseen horror (D:11)
  10 freezing wraiths
  2 efreet (D:14)
  13 komodo dragons
  4 rime drakes
  10 tengu conjurers
  2 kobold demonologists (D:13)
  22 yaktaurs
  An alligator snapping turtle skeleton (Tomb:1)
  6 anaconda simulacra
  3 ancient zymes (Abyss:3)
  23 tormentors
  A black draconian skeleton (Crypt:3)
  2 ice devils
  4 iron giant simulacra
  12 hellwings
  23 merfolk
  2 spectral nagas (Tar:1)
  3 harpy zombies
  2 red devils
  39 guardian mummies
  A queen bee (D:11)
  A silent spectre (Tar:4)
  A spectral harpy (Tar:1)
  A polar bear (shapeshifter) (D:13)
  2 polar bears
  2 hydra zombies (Hell)
  A troll (shapeshifter) (Vaults:5)
  2 trolls
  A wind drake (shapeshifter) (Abyss:3)
  11 wind drakes
  2 ettin zombies
  An iron dragon simulacrum (Coc:4)
  A tyrant leech (Pan)
  21 hornets
  9 snapping turtles
  3 harpy skeletons
  8 raiju
  19 blink frogs
  A hydra skeleton (Hell)
  3 stone giant simulacra
  8 glass eyes
  4 centaur simulacra
  Sigmund (D:4)
  110 slime creatures
  A jumping spider (Vaults:5)
  8 air elementals
  46 spriggans
  A shadow (D:10)
  26 water elementals
  21 ushabtiu
  An ice dragon skeleton (Crypt:2)
  4 small abominations
  11 ynoxinuls
  3 dire elephant simulacra
  8 fire elementals
  7 wyverns
  2 ettin skeletons
  14 wraiths
  4 vampires
  Eustachio (D:4)
  4 fire bats
  14 golden eyes
  A slime creature zombie (Crypt:2)
  5 basilisks
  57 yaks
  Grum (D:10)
  16 neqoxecs
  5 wargs (Orc:1)
  A death yak simulacrum (Lair:5)
  A redback (Vaults:5)
  11 chaos spawn
  7 steam dragons
  A faun zombie (Crypt:2)
  12 vampire mosquitoes
  16 nagas
  A demonspawn zombie (Crypt:1)
  6 harpy simulacra
  Edmund (D:4)
  4 spatial vortices (Abyss:2)
  4 hell hounds
  2 spectral cane toads (Lair:5)
  4 hydra simulacra
  19 water moccasins
  3 naga skeletons (Tar:7)
  A swamp worm (shapeshifter) (Vaults:5)
  2 ice beasts
  39 orc warriors
  An elephant zombie (Lair:5)
  A sky beast (D:7)
  3 black bears
  7 ettin simulacra
  12 ogres
  20 laughing skulls
  A wolf (shapeshifter) (Vaults:5)
  A blink frog skeleton (Crypt:3)
  A boggart (Vaults:1)
  20 wolves
  11 centaurs
  A swamp dragon skeleton (Crypt:1)
  A tengu (shapeshifter) (Depths:3)
  6 starcursed masses (Abyss:3)
  4 lemures (D:4)
  2 elephant skeletons (Lair:5)
  2 phantoms
  A snapping turtle skeleton (Crypt:3)
  5 kobold brigands
  2 weeping skulls
  9 bullfrogs
  A necrophage (Crypt:1)
  2 cane toad simulacra (Lair:5)
  3 earth elementals
  A gnoll sergeant (D:12)
  A hornet simulacrum (Gauntlet)
  A water moccasin skeleton (Crypt:1)
  An elephant simulacrum (Lair:5)
  32 killer bees
  4 howler monkeys
  3 bombardier beetles
  3 lava snakes (Lair:3)
  A jelly (D:4)
  A quasit (Abyss:2)
  15 orc priests
  A hound (D:4)
  2 gnoll boudas
  2 iron imps (Abyss:1)
  Crazy Yiuf (D:2)
  5 iguanas
  2 sleepcaps (D:6)
  13 orc wizards
  7 hell rats (Lair:3)
  38 mummies
  15 gnolls
  10 adders
  A white imp (Coc:2)
  A ribbon worm zombie (Crypt:3)
  2 ufetubi (D:6)
  2 ribbon worms
  55 orcs
  8 ball pythons
  10 bats
  6 endoplasms
  2 giant cockroaches
  11 goblins
  5 hobgoblins
  5 jackals
  8 kobolds
  A quokka (D:4)
  4 frilled lizards
  A jackal skeleton (Crypt:1)
  8 rats
  3 aspiring fleshes
  A ball lightning (Pan)
  9 creeping infernos
  12 fire vortices
  A lurking horror (Abyss:1)
  2 starspawn tentacles (Abyss:3)
  A tentacle (Hell)
3618 creatures vanquished.

Vanquished Creatures (collateral kills)
  2 ancient liches
  2 orbs of fire
  A dread lich (Tar:7)
  3 royal mummies
  A pandemonium lord (Pan)
  4 Killer Klowns (Zot:5)
  9 shard shrikes
  10 caustic shrikes
  Geryon (Hell)
  A golden dragon (Zot:2)
  8 bone dragons
  A Brimstone Fiend (Geh:7)
  3 profane servitors
  A Tzitzimitl (Pan)
  A spectral shard shrike (Tar:2)
  2 tainted leviathans (Tar:7)
  A hellephant (Geh:6)
  2 Orb Guardians (Zot:5)
  4 Hell Sentinels
  4 Ice Fiends
  2 quicksilver dragons
  3 searing wretches
  4 titans
  A sphinx (Tomb:1)
  A tentacled starspawn (Abyss:3)
  A death cob (Zot:1)
  2 Executioners (Pan)
  5 ancient champions
  2 storm dragons (Zot:4)
  2 demonspawn warmongers (Pan)
  3 protean progenitors (Pan)
  A revenant (Tomb:3)
  3 fire giants
  3 draconian monks
  A nargun (Coc:4)
  5 iron dragons
  6 balrugs
  6 draconian knights
  2 quicksilver elementals
  4 reapers
  A shard shrike simulacrum (Coc:7)
  A demonspawn corrupter (Pan)
  4 cacodemons (Pan)
  A draconian annihilator (Pan)
  4 demonspawn blood saints (Pan)
  2 caustic shrike skeletons (Pan)
  3 ghouls (Crypt:1)
  An elemental wellspring (Coc:6)
  A putrid mouth (Tar:1)
  3 purple draconians
  3 demonspawn black suns (Pan)
  3 black draconians
  6 vampire knights (Crypt:3)
  3 yellow draconians
  A lorocyproca (Pan)
  A bennu (Tomb:2)
  2 green draconians
  3 war gargoyles (Dis:7)
  2 blizzard demons (Pan)
  A white draconian (Zot:5)
  2 eidola
  4 wendigos
  A pearl dragon zombie (Crypt:2)
  A starcursed mass (Abyss:3)
  5 iron golems
  4 green deaths (Pan)
  3 mummy priests
  4 jiangshi
  A kraken zombie (Hell)
  An ice dragon (Hell)
  An Orb Guardian zombie (Crypt:2)
  2 caustic shrike simulacra
  A great orb of eyes (Pan)
  A quicksilver dragon skeleton (Tomb:3)
  3 stokers
  A sphinx skeleton (Crypt:1)
  2 death scarabs (Tomb:1)
  11 hell hogs
  A naga warrior (Abyss:3)
  A satyr (Pan)
  A spectral naga (Tar:2)
  2 thrashing horrors (Abyss:3)
  3 soul eaters (Pan)
  4 sun demons (Pan)
  A shock serpent (Pan)
  4 crystal echidnas
  A spectral anaconda (Tar:3)
  2 sixfirhies (Pan)
  A ghost moth zombie (Crypt:1)
  13 skeletal warriors
  2 shadow demons (Pan)
  A sun moth (Pan)
  3 flayed ghosts (Pan)
  A bog body (Crypt:1)
  2 phantasmal warriors (Crypt:3)
  An iron giant skeleton (Crypt:3)
  A necromancer (Hell)
  A jorogumo skeleton (Crypt:3)
  7 large abominations
  2 ugly things
  4 moths of wrath
  2 nameless horrors
  An ice statue (Coc:7)
  6 orange demons (Pan)
  10 smoke demons
  2 apis skeletons (Crypt:2)
  An alligator snapping turtle zombie (Tomb:3)
  5 hellions
  2 spectral harpies
  4 tormentors
  5 guardian mummies
  A bunyip simulacrum (Coc:1)
  A sea snake skeleton (Hell)
  A black draconian skeleton (Crypt:3)
  An iron troll zombie (Crypt:3)
  6 hellwings (Pan)
  A hydra skeleton (Hell)
  A dire elephant simulacrum (Coc:6)
  A naga simulacrum (Coc:2)
  3 wraiths
  5 ushabtiu (Tomb:3)
  5 ynoxinuls
  A fire bat (Pan)
  An alligator snapping turtle simulacrum (Coc:2)
  5 chaos spawn (Pan)
  7 neqoxecs (Pan)
  2 harpy simulacra (Coc:2)
  An ice beast (Coc:2)
  2 ettin simulacra
  A swamp dragon zombie (Tomb:2)
  12 laughing skulls
  A dream sheep zombie (Crypt:2)
  A blink frog skeleton (Crypt:3)
  A snapping turtle skeleton (Crypt:3)
  A necrophage (Crypt:1)
  A crocodile skeleton (Crypt:2)
  A hound skeleton (Crypt:2)
  13 mummies
  A white imp (Abyss:3)
  2 aspiring fleshes
  A creeping inferno (Geh:6)
  5 fire vortices (Geh:1)
  2 tentacles (Hell)
397 creatures vanquished.

Vanquished Creatures (others)
  A titan (Coc:5)
  An eldritch tentacle (Pan)
  An ancient champion (Dis:1)
  A fire giant (Geh:7)
  A fenstrider witch (Pan)
  A draconian knight (Zot:4)
  A lorocyproca (Tar:6)
  A jorogumo (Pan)
  3 caustic shrike simulacra
  A merfolk aquamancer (Pan)
  A hell hog (Geh:1)
  A wretched star (Abyss:3)
  A sixfirhy (Pan)
  A harpy (shapeshifter) (Depths:3)
  A nameless horror (Pan)
  A deep elf pyromancer (Elf:2)
  An iron giant simulacrum (Coc:5)
  2 iron dragon simulacra (Coc:5)
  2 dire elephant simulacra (Coc:5)
  A naga (Snake:4)
  A harpy simulacrum (Coc:4)
  An orc (D:10)
  14 ball lightnings (Pan)
  3 creeping infernos
  90 fire vortices
  431 fulminant prisms
  A lurking horror (Abyss:1)
  11 starspawn tentacles
  6 tentacles (Hell)
582 creatures vanquished.

Grand Total: 4597 creatures vanquished

Notes
Turn   | Place    | Note
-------+----------+-------------------------------------------
     0 | D:1      | geeeeen the Gargoyle Conjurer began the quest for the Orb.
     0 | D:1      | Reached XP level 1. HP: 10/10 MP: 3/3
     6 | D:1      | Noticed a servant of whispers
     6 | D:1      | Noticed a tyrant leech
     6 | D:1      | Noticed a komodo dragon
     7 | D:1      | Noticed a yaktaur
   195 | D:1      | Reached XP level 2. HP: 16/16 MP: 1/5
   299 | D:1      | Learned a level 2 spell: Searing Ray
   726 | D:1      | Reached skill level 1 in Fighting
   726 | D:1      | Reached XP level 3. HP: 20/20 MP: 0/6
  1221 | D:2      | Reached skill level 1 in Armour
  1552 | D:2      | Found a runed translucent door.
  1553 | D:2      | Noticed Crazy Yiuf
  2286 | D:3      | Found a faded altar of an unknown god.
  2294 | D:3      | Reached skill level 5 in Conjurations
  2294 | D:3      | Reached XP level 4. HP: 12/25 MP: 1/7
  2792 | D:3      | Reached XP level 5. HP: 28/30 MP: 1/8
  3631 | D:4      | Reached XP level 6. HP: 21/35 MP: 1/10
  3765 | D:4      | Learned a level 4 spell: Fulminant Prism
  4152 | D:4      | Reached skill level 6 in Conjurations
  4158 | D:4      | Reached XP level 7. HP: 18/40 MP: 1/11
  4512 | D:4      | Noticed Edmund
  4529 | D:4      | Killed Edmund
  4708 | D:4      | Reached skill level 1 in Alchemy
  5014 | D:4      | Noticed Pikel
  5024 | D:4      | Killed Pikel
  5025 | D:4      | Reached skill level 7 in Conjurations
  5025 | D:4      | Reached XP level 8. HP: 46/46 MP: 0/13
  5144 | D:2      | Killed Crazy Yiuf
  5395 | D:4      | Found an ancient bone altar of Kikubaaqudgha.
  5441 | D:4      | Noticed Sigmund
  5447 | D:4      | Killed Sigmund
  5545 | D:4      | Noticed Eustachio
  5555 | D:4      | Killed Eustachio
  5916 | D:5      | Entered Level 5 of the Dungeon
  6016 | D:5      | Reached skill level 5 in Stealth
  6016 | D:5      | Reached XP level 9. HP: 43/52 MP: 0/15
  6387 | D:5      | Learned a level 4 spell: Iskenderun's Mystic Blast
  6543 | D:5      | Found Diolid's Distillery.
  6545 | D:5      | Found Kogiutig's Magic Scroll Shop.
  6547 | D:5      | Found Aceewn's Weapon Shop.
  6553 | D:5      | Bought a scroll of fear for 40 gold pieces
  6553 | D:5      | Bought a scroll of teleportation for 30 gold pieces
  6553 | D:5      | Bought a scroll of butterflies for 40 gold pieces
  6553 | D:5      | Bought a scroll of poison for 40 gold pieces
  7043 | D:6      | Learned a level 4 spell: Sticky Flame
  7049 | D:6      | Found a broken altar of Ashenzari.
  7287 | D:6      | Reached skill level 1 in Translocations
  7344 | D:6      | Reached skill level 8 in Conjurations
  7420 | D:6      | Reached skill level 1 in Evocations
  7421 | D:6      | Reached skill level 1 in Fire Magic
  8403 | D:5      | Bought a potion of heal wounds for 75 gold pieces
  8403 | D:5      | Bought a potion of haste for 150 gold pieces
  8666 | D:7      | Found a staircase to the Ecumenical Temple.
  8673 | Temple   | Entered the Ecumenical Temple
  8699 | Temple   | Became a worshipper of Sif Muna the Loreminder
  9424 | D:8      | Noticed Maggie
  9443 | D:8      | Noticed Erica
  9712 | D:7      | Reached skill level 5 in Armour
  9825 | D:8      | Reached skill level 5 in Fighting
  9825 | D:8      | Reached XP level 10. HP: 21/59 MP: 5/16
  9967 | D:8      | Killed Erica
 10195 | D:8      | Killed Maggie
 10196 | D:8      | Reached skill level 9 in Conjurations
 11060 | D:8      | Reached skill level 1 in Staves
 11118 | D:8      | Found a staircase to the Lair.
 11317 | D:9      | Noticed a two-headed ogre
 11327 | D:9      | Killed a two-headed ogre
 11328 | D:9      | Reached skill level 5 in Spellcasting
 11558 | D:9      | Found Pecuexiu's Self-Published Books.
 11607 | D:9      | Reached * piety under Sif Muna
 11924 | D:9      | Reached XP level 11. HP: 64/64 MP: 13/18
 12500 | D:10     | Entered Level 10 of the Dungeon
 12951 | D:10     | Noticed a two-headed ogre
 12961 | D:10     | Killed a two-headed ogre
 13043 | D:10     | Identified the +7 war axe "Vutahug" {heavy, *Rage rPois
                  | Will+ SInv}
 13055 | D:10     | Reached ** piety under Sif Muna
 13250 | D:10     | Identified the +5 war axe of Sobboyb {freeze, rPois}
 13469 | D:10     | Found a staircase to the Orcish Mines.
 13541 | D:10     | Noticed Grum
 13547 | D:10     | Killed Grum
 13548 | D:10     | Reached skill level 1 in Invocations
 13693 | D:10     | Reached skill level 10 in Conjurations
 13735 | D:10     | Reached skill level 5 in Dodging
 13945 | D:10     | Found an opulent altar of Gozag.
 13948 | D:10     | Found a shimmering altar of Xom.
 14392 | D:10     | Found a sacrificial altar of Ru.
 14983 | D:11     | Reached *** piety under Sif Muna
 15393 | D:11     | Found Buidese's Antique Weapon Shoppe.
 15410 | D:11     | Noticed a manticore
 15414 | D:11     | Noticed an arcanist
 15418 | D:11     | Killed a manticore
 15436 | D:11     | Killed an arcanist
 15563 | D:11     | Reached XP level 12. HP: 67/71 MP: 7/20
 15808 | D:11     | Noticed a two-headed ogre
 15814 | D:11     | Killed a two-headed ogre
 16361 | Lair:1   | Entered Level 1 of the Lair of Beasts
 18286 | Lair:1   | Noticed Nergalle
 18298 | Lair:1   | Killed Nergalle
 18299 | Lair:1   | Reached skill level 11 in Conjurations
 18526 | Lair:1   | Reached **** piety under Sif Muna
 18527 | Lair:1   | Reached skill level 1 in Short Blades
 19529 | Lair:1   | Reached XP level 13. HP: 73/76 MP: 16/22
 19584 | Lair:2   | Reached skill level 5 in Fire Magic
 20105 | Lair:2   | Reached skill level 5 in Alchemy
 20490 | Lair:3   | Found a staircase to the Shoals.
 20545 | Lair:3   | Found a gate leading to a gauntlet.
 20567 | Gauntlet | Entered a Gauntlet
 20567 | Gauntlet | Found a transporter.
 20567 | Gauntlet | Found a transporter.
 20567 | Gauntlet | Found a large runed translucent door.
 20567 | Gauntlet | Found a large runed translucent door.
 20567 | Gauntlet | Found a large runed translucent door.
 20567 | Gauntlet | Found a large runed translucent door.
 20567 | Gauntlet | Found a large runed translucent door.
 20567 | Gauntlet | Found a large runed translucent door.
 20567 | Gauntlet | Found a runed translucent door.
 20567 | Gauntlet | Found a runed translucent door.
 20567 | Gauntlet | Found a large runed translucent door.
 20567 | Gauntlet | Found a large runed translucent door.
 20567 | Gauntlet | Found a large runed translucent door.
 20567 | Gauntlet | Found a large runed translucent door.
 20567 | Gauntlet | Found a large runed translucent door.
 20567 | Gauntlet | Found a large runed translucent door.
 20572 | Gauntlet | Found a transporter.
 20572 | Gauntlet | Found a transporter.
 20581 | Gauntlet | Found a transporter.
 20598 | Gauntlet | Found a transporter.
 20604 | Gauntlet | Noticed a quicksilver ooze
 20608 | Gauntlet | Found a transporter.
 20608 | Gauntlet | Found a transporter.
 20612 | Gauntlet | Found a transporter.
 20637 | Gauntlet | Found a transporter.
 20655 | Gauntlet | Found a large runed translucent door.
 20656 | Gauntlet | Found a large runed translucent door.
 20658 | Gauntlet | Found a runed translucent gate.
 20659 | Gauntlet | Found a runed translucent gate.
 20660 | Gauntlet | Found a runed translucent gate.
 20660 | Gauntlet | Found a transporter.
 20678 | Gauntlet | Found a large runed translucent door.
 20679 | Gauntlet | Found a large runed translucent door.
 20705 | Gauntlet | Found a transporter.
 20721 | Gauntlet | Found a transporter.
 20820 | Gauntlet | Found a transporter.
 20838 | Gauntlet | Found a transporter.
 20850 | Gauntlet | Found a transporter.
 21301 | Gauntlet | HP: 2/76 [spore (32)]
 21303 | Gauntlet | Reached ***** piety under Sif Muna
 21475 | Gauntlet | Identified the ring of Naoq {rElec rN+ rCorr Int+3}
 21500 | Gauntlet | Identified the amulet of Sunlight {Spirit ^Drain rN++ Str+2
                  | Slay-3 SInv}
 21500 | Gauntlet | Noticed a minotaur
 21518 | Gauntlet | Killed a minotaur
 21519 | Gauntlet | Reached skill level 5 in Translocations
 21565 | Gauntlet | Identified the amulet of Cezep {RegenMP Regen+ Str+3 Dex+3}
 21812 | Lair:3   | Reached skill level 5 in Staves
 21875 | Lair:3   | Reached skill level 5 in Evocations
 21973 | Lair:3   | Found a staircase to the Snake Pit.
 22207 | Lair:3   | Reached skill level 12 in Conjurations
 22477 | Lair:3   | Received a gift from Sif Muna
 22478 | Lair:3   | Got Sif Muna's Teachings on Ill-fated Corpses {god gift}
 22484 | Lair:3   | Learned a level 4 spell: Olgreb's Toxic Radiance
 22655 | Lair:3   | Found an opulent altar of Gozag.
 22884 | Lair:4   | Gained mutation: Your large and strong wings let you fly.
                  | [Gargoyle growth]
 22884 | Lair:4   | Reached XP level 14. HP: 77/84 MP: 22/24
 23037 | Lair:4   | Reached XP level 15. HP: 88/88 MP: 25/25
 23038 | Lair:4   | Reached skill level 13 in Conjurations
 23038 | Lair:4   | Reached XP level 16. HP: 93/93 MP: 26/26
 23089 | Lair:4   | Identified a scroll of acquirement
 23091 | Lair:4   | Acquired a book of Dangerous Friends
 23101 | Lair:4   | Learned a level 7 spell: Orb of Destruction
 23222 | Lair:4   | Reached skill level 5 in Invocations
 23815 | Lair:5   | Entered Level 5 of the Lair of Beasts
 23876 | Lair:5   | Noticed Josephine
 23880 | Lair:5   | Killed Josephine
 24154 | Lair:5   | Found a viscous altar of Jiyva.
 24155 | Lair:5   | Found a staircase to the Slime Pits.
 24302 | Lair:5   | Received a gift from Sif Muna
 25725 | Lair:5   | Reached skill level 14 in Conjurations
 26540 | D:12     | Received a gift from Sif Muna
 26541 | D:12     | Got Xosem's Catalogue of Fulmination {god gift}
 26670 | D:12     | Identified the +5 quarterstaff "Jor Siu" {flame, +Blink
                  | rN+++ Will- Dex+3}
 26832 | D:12     | Found Kochy's Assorted Antiques.
 26868 | D:12     | Bought 3 scrolls of teleportation for 234 gold pieces
 26868 | D:12     | Bought an embroidered robe for 96 gold pieces
 27046 | D:12     | Identified the +6 rapier "Suneufok" {flame, rElec rPois
                  | Str+4}
 27179 | Orc:1    | Entered Level 1 of the Orcish Mines
 27536 | Orc:1    | Reached skill level 1 in Shields
 27624 | Orc:2    | Entered Level 2 of the Orcish Mines
 27794 | Orc:2    | Noticed Urug
 27904 | Orc:2    | Reached XP level 17. HP: 74/100 MP: 19/28
 27908 | Orc:2    | Killed Urug
 28139 | Orc:2    | Found Negreschu's Jewellery Shoppe.
 28233 | Orc:2    | Paralysed by an orc sorcerer for 3 turns
 28297 | Orc:2    | Found Lojolus's Antique Armour Emporium.
 28305 | Orc:2    | Bought a pitted leather armour for 231 gold pieces
 28305 | Orc:2    | Identified the +0 leather armour of Kinitus {Str+2 Int+2}
                  | (You bought it in a shop on level 2 of the Orcish Mines)
 28324 | Orc:2    | Found Afaddate's General Store.
 28484 | Orc:2    | Found Dytzoy's Antique Weapon Shop.
 28492 | Orc:2    | Found a staircase to the Elven Halls.
 28608 | Orc:1    | Received a gift from Sif Muna
 28610 | Orc:1    | Got Sif Muna's Discourse on Orogeny and the Hornet {god
                  | gift}
 29239 | D:13     | Reached skill level 10 in Earth Magic
 29252 | D:13     | Noticed Azrael
 29259 | D:13     | Killed Azrael
 29260 | D:13     | Reached skill level 10 in Stealth
 29374 | D:13     | Found a gate to the Vaults.
 30162 | D:14     | Found Suh Mik's Armour Boutique.
 30616 | D:14     | Received a gift from Sif Muna
 30617 | D:14     | Got Sif Muna's Volume of Non-Euclidean Hypothermia {god
                  | gift}
 30811 | D:14     | Reached skill level 5 in Short Blades
 31006 | D:14     | Reached ****** piety under Sif Muna
 31251 | D:15     | Entered Level 15 of the Dungeon
 32128 | D:15     | Found the amulet of Vitality {RegenMP++ Regen++}
 32212 | D:15     | Found a staircase to the Depths.
 32637 | Snake:1  | Entered Level 1 of the Snake Pit
 32813 | Snake:1  | Reached skill level 15 in Conjurations
 33117 | Snake:1  | Learned a level 5 spell: Freezing Cloud
 33289 | Snake:1  | Reached XP level 18. HP: 107/107 MP: 27/30
 33417 | Snake:1  | Noticed Frances
 33429 | Snake:1  | Killed Frances
 34221 | D:5      | Bought a scroll of identify for 20 gold pieces
 34438 | Snake:2  | Noticed Mlioglotl
 34711 | Snake:2  | Killed Mlioglotl
 34712 | Snake:2  | Reached skill level 1 in Ice Magic
 34788 | Snake:2  | Reached skill level 10 in Fighting
 34905 | Snake:2  | Received a gift from Sif Muna
 34906 | Snake:2  | Got Sif Muna's Anthology of the Excursion and Power {god
                  | gift}
 35107 | Snake:2  | Noticed Asterion
 35115 | Snake:2  | Killed Asterion
 35115 | Snake:2  | Noticed Donald
 35295 | Snake:2  | Killed Donald
 35710 | Snake:2  | Reached skill level 10 in Armour
 35795 | Snake:3  | Identified the +3 scale mail "Weudyibb" {Dex+6}
 36944 | Snake:4  | Entered Level 4 of the Snake Pit
 37156 | Snake:4  | Received a gift from Sif Muna
 37675 | Snake:4  | Reached skill level 5 in Shields
 37922 | Snake:4  | Reached XP level 19. HP: 111/113 MP: 15/31
 38063 | Snake:4  | Reached skill level 16 in Conjurations
 38095 | Snake:4  | Got a serpentine rune of Zot
 38326 | Shoals:1 | Entered Level 1 of the Shoals
 38973 | Shoals:1 | Received a gift from Sif Muna
 38982 | Shoals:1 | Got Sif Muna's Guide on Amorphous Astrapomancy {god gift}
 40472 | Shoals:3 | Acquired the ring of Roaj {rC+ MP+9}
 40727 | Shoals:3 | Identified the granite talisman "Osasmut" {rF++ rN+}
 40727 | Shoals:3 | Noticed Roxanne
 40734 | Shoals:3 | Killed Roxanne
 41361 | Shoals:4 | Entered Level 4 of the Shoals
 41627 | Shoals:4 | Received a gift from Sif Muna
 42048 | Shoals:4 | Reached XP level 20. HP: 120/120 MP: 33/33
 42078 | Shoals:4 | Identified the +1 hand cannon of the Pyrrhic Victory
                  | {flame, rElec Str-5 Int+4 Stlth+}
 42078 | Shoals:4 | Identified the +6 scale mail "Hiuw" {rElec}
 42127 | Shoals:4 | Paralysed by an air elemental for 1 turns
 42345 | Shoals:4 | Received a gift from Sif Muna
 42348 | Shoals:4 | Got Sif Muna's Volume of the Caves {god gift}
 42444 | Shoals:4 | Got a barnacled rune of Zot
 42463 | Shoals:4 | Identified the +0 quarterstaff of the Endless Expanse
                  | {flame, rC- Will+++ Str+3 SInv}
 43010 | Vaults:1 | Entered Level 1 of the Vaults
 43155 | Vaults:1 | Learned a level 5 spell: Irradiate
 43189 | Vaults:1 | Found Uheqec's Antique Armour Shoppe.
 43197 | Vaults:1 | Bought a translucent chain mail for 332 gold pieces
 43197 | Vaults:1 | Identified the +5 chain mail "Vajeh" {+Blink +Inv rC++}
                  | (You bought it in a shop on level 1 of the Vaults)
 43440 | Vaults:1 | Acquired the +1 pair of gloves "Duukh" {rC+}
 43512 | Vaults:1 | Identified the ring "Kenokh" {Will+ Int+4}
 44041 | Vaults:1 | Reached skill level 17 in Conjurations
 44159 | Vaults:1 | Received a gift from Sif Muna
 44160 | Vaults:1 | Got Sif Muna's Omnibus of Scorched Impurities {god gift}
 45159 | Vaults:2 | Found a staircase to the Crypt.
 45159 | Vaults:2 | Found an ancient bone altar of Kikubaaqudgha.
 45214 | Vaults:2 | Found a basalt altar of Yredelemnul.
 45495 | Vaults:2 | You are sucked into a shaft and drop 1 floor!
 45660 | Vaults:2 | Reached skill level 5 in Ice Magic
 45745 | Vaults:2 | Identified the +1 leather armour "Dazopay" {rC+}
 45977 | Vaults:2 | Reached XP level 21. HP: 125/125 MP: 34/34
 46402 | Vaults:3 | Found Rodoq's Assorted Antiques.
 46409 | Vaults:3 | Bought a scroll of teleportation for 81 gold pieces
 46409 | Vaults:3 | Bought a slimy ring mail for 243 gold pieces
 46409 | Vaults:3 | Identified the +1 ring mail "Bainy" {^Contam rN+ Str+3}
                  | (You bought it in a shop on level 3 of the Vaults)
 46488 | Vaults:3 | Received a gift from Sif Muna
 46959 | Vaults:3 | Reached skill level 10 in Spellcasting
 48337 | Vaults:4 | Received a gift from Sif Muna
 48904 | Vaults:4 | Reached skill level 10 in Staves
 49196 | Vaults:4 | Found Yptiedghonn's Antique Weapon Boutique.
 49199 | Vaults:4 | Noticed Zenata
 49213 | Vaults:4 | Reached skill level 1 in Air Magic
 49217 | Vaults:4 | HP: 2/127 [Zenata/a resonance strike (34)]
 49350 | Vaults:4 | Killed Zenata
 50402 | Elf:1    | Entered Level 1 of the Elven Halls
 50554 | Elf:1    | Identified the +5 battleaxe "Trog's Righteous Anger"
                  | {drain, *Noise rCorr Dex+3}
 50686 | Elf:1    | Reached XP level 22. HP: 121/132 MP: 36/36
 50720 | Elf:1    | Paralysed by an air elemental for 1 turns
 50754 | Elf:1    | Reached skill level 10 in Fire Magic
 50762 | Elf:1    | Received a gift from Sif Muna
 50765 | Elf:1    | Got Sisiet's Precepts of Sandy Death {god gift}
 50884 | Elf:1    | Found a flickering gateway to a bazaar.
 50918 | Bazaar   | Entered a bazaar
 50919 | Bazaar   | Found Koxueg Teppe's Assorted Antiques.
 50927 | Bazaar   | Bought a scroll of amnesia for 88 gold pieces
 50927 | Bazaar   | Bought a potion of heal wounds for 110 gold pieces
 50927 | Bazaar   | Bought a potion of haste for 220 gold pieces
 50928 | Bazaar   | Found Nantau's General Store.
 50934 | Bazaar   | Found Latsurph's Antique Weapon Boutique.
 50936 | Bazaar   | Bought a scroll of revelation for 127 gold pieces
 50936 | Bazaar   | Bought a scroll of teleportation for 51 gold pieces
 50936 | Bazaar   | Bought a potion of cancellation for 136 gold pieces
 50977 | Bazaar   | Found Zunet's Weapon Boutique.
 51491 | Elf:2    | Reached skill level 18 in Conjurations
 52093 | Elf:2    | Found a runed translucent gate.
 52094 | Elf:2    | Found a runed translucent gate.
 52094 | Elf:2    | Found a runed translucent gate.
 52247 | Elf:2    | Reached skill level 10 in Invocations
 52681 | Elf:3    | Entered Level 3 of the Elven Halls
 52818 | Elf:3    | Found a radiant altar of Vehumet.
 52843 | Elf:3    | Paralysed by an air elemental for 1 turns
 52887 | Elf:3    | Received a gift from Sif Muna
 52888 | Elf:3    | Got Sif Muna's Quarto of Gases and Mud {god gift}
 53401 | Elf:3    | Found Gomeith's General Store.
 53719 | Elf:3    | Found a radiant altar of Vehumet.
 53902 | Elf:3    | Found Gomeith's General Store.
 54479 | Elf:3    | Found the +10 dark maul {heavy}
 54480 | Elf:3    | Identified the +7 falchion of Deosuask {drain, +Blink
                  | rElec}
 54483 | Elf:3    | Identified the ring "Ceamao" {Ice Will+ Str+4 Dex+3}
 54494 | Elf:3    | Reached XP level 23. HP: 139/139 MP: 10/37
 54548 | Elf:3    | Identified the +4 morningstar "Iqeecem" {drain, Will+ SInv}
 54632 | Elf:3    | Found the +9 staff of Olgreb {rPois∞}
 54637 | Elf:3    | Identified the staff of the Hidden Vale {rElec rC+ rCorr
                  | Int+7 Dex-4 Ice}
 54649 | Elf:3    | Identified the +7 spear "Xom's Sleight of Hands" {pain,
                  | Str+3}
 54687 | Elf:3    | Identified the +5 sling of the Middle {freeze, rPois Will+
                  | Dex-2 SInv}
 55243 | Depths:1 | Entered Level 1 of the Depths
 55474 | Depths:1 | Received a gift from Sif Muna
 55475 | Depths:1 | Got Jotuax's Octavo of the Spellbinding Missiles {god gift}
 55646 | Depths:1 | Reached skill level 10 in Dodging
 55795 | Depths:1 | Found a gateway to Hell.
 57047 | Depths:2 | Found a one-way gate leading to the halls of Pandemonium.
 57355 | Depths:2 | Learned a level 8 spell: Lehudib's Crystal Spear
 58033 | Depths:2 | Received a gift from Sif Muna
 58034 | Depths:2 | Got Sif Muna's Book of Elliptic Bombardment {god gift}
 58261 | Depths:2 | Reached skill level 19 in Conjurations
 58544 | Depths:3 | Reached skill level 10 in Evocations
 58683 | Depths:3 | Reached skill level 10 in Shields
 59290 | Depths:3 | Reached XP level 24. HP: 145/145 MP: 38/38
 59379 | Depths:3 | Received a gift from Sif Muna
 59456 | Depths:3 | Noticed the Enchantress
 59462 | Depths:3 | Killed the Enchantress
 59831 | Depths:3 | Identified the +0 steam dragon scales "Put-Me-On" {+Inv}
 59842 | Depths:3 | Found a bloodstained altar of Trog.
 59948 | Depths:3 | Noticed Vv
 59960 | Depths:3 | Killed Vv
 60242 | Depths:3 | Found a one-way gate to the infinite horrors of the Abyss.
 60709 | Depths:4 | Entered Level 4 of the Depths
 60914 | Depths:4 | Received a gift from Sif Muna
 61252 | Depths:4 | Noticed a caustic shrike
 61253 | Depths:4 | Noticed a caustic shrike
 61259 | Depths:4 | Noticed a caustic shrike
 61262 | Depths:4 | Killed a caustic shrike
 61265 | Depths:4 | Killed a caustic shrike
 61266 | Depths:4 | Killed a caustic shrike
 61730 | Depths:4 | Reached skill level 5 in Air Magic
 62039 | Depths:4 | Found a one-way gateway to a ziggurat.
 62515 | Depths:4 | Found Xit Kiop's Distillery.
 62523 | Depths:4 | Bought a potion of curing for 36 gold pieces
 62523 | Depths:4 | Bought a potion of cancellation for 96 gold pieces
 62523 | Depths:4 | Bought a potion of heal wounds for 60 gold pieces
 62523 | Depths:4 | Bought a potion of brilliance for 48 gold pieces
 62635 | Depths:4 | Found a gate to the Realm of Zot.
 63012 | Vaults:5 | Entered Level 5 of the Vaults
 63018 | Vaults:5 | Received a gift from Sif Muna
 63020 | Vaults:5 | Got Setuj's Lectures on Spatial Support {god gift}
 63239 | Vaults:5 | Reached XP level 25. HP: 152/152 MP: 38/38
 63404 | Vaults:5 | Noticed a dread lich
 63424 | Vaults:5 | Killed a dread lich
 63520 | Vaults:5 | Reached skill level 15 in Stealth
 63521 | Vaults:5 | Identified the +5 longbow of Yruosib {speed, rC+}
 63521 | Vaults:5 | Identified the ring of Xuedghaabb {MP+9 EV+5 Int+6 Dex+3
                  | Slay-4}
 63556 | Vaults:5 | Noticed an ancient lich
 63557 | Vaults:5 | Identified the ring "Juko" {rF+ AC+4 Int+2}
 63787 | Vaults:5 | Killed an ancient lich
 63819 | Vaults:5 | Noticed an ancient lich
 63841 | Vaults:5 | Killed an ancient lich
 63842 | Vaults:5 | Reached skill level 15 in Earth Magic
 63914 | Vaults:5 | Received a gift from Sif Muna
 63969 | Vaults:5 | Noticed an ancient lich
 63978 | Vaults:5 | Killed an ancient lich
 64051 | Vaults:5 | Identified the staff of Purpose {rF+ rN+ Will- Stlth+
                  | Necro}
 64251 | Vaults:5 | Got a silver rune of Zot
 64632 | Vaults:5 | Identified the +3 hand axe of the Inquisitive Quests
                  | {flame, ^Fragile rPois rN+++ MP+9}
 65453 | Slime:1  | Entered Level 1 of the Pits of Slime
 65551 | Slime:2  | Gained mutation: Your mind is acute. (Int +4, Str/Dex -1)
                  | [a shining eye]
 65552 | Slime:2  | Gained mutation: You are covered in fur. (AC +1) [a shining
                  | eye]
 65553 | Slime:2  | Gained mutation: You sometimes lose your temper in combat.
                  | [a shining eye]
 65873 | Slime:3  | Received a gift from Sif Muna
 65874 | Slime:3  | Got Qinet's Book of the Transposed Congregation {god gift}
 66273 | Slime:2  | Gained mutation: Your health recovers twice as slowly from
                  | being drained. [a shining eye]
 66411 | Slime:2  | Found a viscous altar of Jiyva.
 66642 | Slime:1  | Gained mutation: You occasionally shout uncontrollably at
                  | your foes. [a shining eye]
 66907 | Slime:1  | Gained mutation: You occasionally lose the ability to read
                  | scrolls when taking damage. [a shining eye]
 67151 | Slime:4  | Lost mutation: You occasionally lose the ability to read
                  | scrolls when taking damage. [potion of mutation]
 67151 | Slime:4  | Lost mutation: You occasionally shout uncontrollably at
                  | your foes. [potion of mutation]
 67151 | Slime:4  | Lost mutation: You are covered in fur. (AC +1) [potion of
                  | mutation]
 67152 | Slime:4  | Lost mutation: You sometimes lose your temper in combat.
                  | [potion of mutation]
 67152 | Slime:4  | Lost mutation: Your mind is acute. (Int +4, Str/Dex -1)
                  | [potion of mutation]
 67152 | Slime:4  | Lost mutation: Your health recovers twice as slowly from
                  | being drained. [potion of mutation]
 67152 | Slime:4  | Gained mutation: Your flesh is cold resistant. (rC+)
                  | [potion of mutation]
 67552 | Slime:4  | Gained mutation: Your health recovers twice as slowly from
                  | being drained. [a shining eye]
 67703 | Slime:4  | Reached skill level 15 in Fighting
 67968 | Slime:3  | Reached XP level 26. HP: 160/160 MP: 17/39
 68369 | Slime:5  | Entered Level 5 of the Pits of Slime
 68502 | Slime:5  | Received a gift from Sif Muna
 68598 | Slime:5  | Found a viscous altar of Jiyva.
 68598 | Slime:5  | Noticed the Royal Jelly
 69313 | Slime:5  | Gained mutation: You are clumsy. (Dex -2) [mutagenic glow]
 69518 | Slime:5  | Killed the Royal Jelly
 69671 | Slime:5  | Identified the +2 scale mail "Acast" {Harm rF+ Slay-4}
 69673 | Slime:5  | Identified the granite talisman "Damnable Contraption"
                  | {rF+}
 69689 | Slime:5  | Got a slimy rune of Zot
 69692 | Slime:5  | Identified the +4 glaive of Youthful Indiscretion {elec,
                  | rN+}
 69698 | Slime:5  | Identified the +0 scale mail of the Loofah {rC+ Str+3}
 69748 | Slime:5  | Identified the +9 quarterstaff of Butel {heavy, Str+7}
 69815 | Slime:5  | Identified the staff "Demonslayer" {rElec Ice Air}
 69862 | Slime:5  | Identified the +4 battleaxe of Royalism {heavy, rF+ Will+}
 70782 | Depths:3 | Voluntarily entered the Abyss.
 71256 | Abyss:1  | Received a gift from Sif Muna
 71257 | Abyss:1  | Got Sif Muna's Dissertation on Bloody Fulmination {god
                  | gift}
 71273 | Abyss:1  | Learned a level 7 spell: Spellforged Servitor
 71567 | Abyss:3  | Paralysed by accursed screaming for 1 turns
 71575 | Abyss:3  | Got an abyssal rune of Zot
 71586 | Abyss:3  | Paralysed by accursed screaming for 1 turns
 71604 | Abyss:3  | Found a corrupted altar of Lugonu.
 71693 | Abyss:3  | Found a shadowy altar of Dithmenos.
 71786 | Abyss:3  | Reached skill level 1 in Summonings
 71881 | Depths:3 | Escaped the Abyss
 72154 | Crypt:1  | Entered Level 1 of the Crypt
 72661 | Crypt:1  | Received a gift from Sif Muna
 72662 | Crypt:1  | Got Sif Muna's Excursus on Hypothermia {god gift}
 72768 | Crypt:1  | Noticed Mennas
 72806 | Crypt:1  | Killed Mennas
 72807 | Crypt:1  | Reached skill level 15 in Armour
 73427 | Crypt:2  | Identified the ring of Wariness {^Drain Str+4 Int+6 Dex+3
                  | Stlth-}
 73504 | Crypt:2  | Noticed Bai Suzhen
 73510 | Crypt:2  | Killed Bai Suzhen
 73579 | Crypt:2  | Reached skill level 20 in Conjurations
 74047 | Crypt:2  | Found a basalt altar of Yredelemnul.
 74061 | Crypt:2  | Reached XP level 27. HP: 161/162 MP: 1/39
 74272 | Crypt:3  | Entered Level 3 of the Crypt
 74359 | Crypt:3  | Acquired a manual of Evocations
 74549 | Crypt:3  | Found a staircase to the Tomb.
 74632 | Crypt:3  | Received a gift from Sif Muna
 74633 | Crypt:3  | Got Sif Muna's Catalogue of the Fifth Circle and
                  | Interference {god gift}
 75406 | Crypt:3  | Found an ancient bone altar of Kikubaaqudgha.
 75429 | Crypt:3  | Identified the +9 scimitar "Silluugha" {flame, rElec Str+2}
 75429 | Crypt:3  | Identified the ring "Omowem" {rN+ Int+6}
 75480 | Crypt:3  | Paralysed by a vampire knight for 2 turns
 75555 | Crypt:3  | Identified the +7 quarterstaff of Salt {venom, Fly rN+
                  | Dex+2}
 75562 | Crypt:3  | Identified the ring "Monu" {rN+ Int+3}
 75564 | Crypt:3  | Acquired the +1 pair of gloves "Egov" {rF+ Str+3}
 75905 | Crypt:3  | Received a gift from Sif Muna
 75906 | Crypt:3  | Got Sif Muna's Monograph on Terra Firma and the Flock {god
                  | gift}
 76464 | Hell     | Entered the Vestibule of Hell
 76464 | Hell     | Noticed Geryon
 76705 | Hell     | Killed Geryon
 76706 | Hell     | Reached skill level 5 in Summonings
 77692 | Hell     | Reached skill level 1 in Ranged Weapons
 77810 | Hell     | Found a gateway to the decaying netherworld of Tartarus.
 77966 | Hell     | Received a gift from Sif Muna
 78020 | Hell     | Found a gateway to the ashen valley of Gehenna.
 78179 | Hell     | Found a gateway to the Iron City of Dis.
 78514 | Hell     | Found a gateway to the freezing wastes of Cocytus.
 78589 | Hell     | Learned a level 8 spell: Ignition
 78657 | Pan      | Entered Pandemonium
 78841 | Pan      | Found a transporter.
 78874 | Pan      | Entered the realm of Mnoleg.
 79087 | Pan      | Received a gift from Sif Muna
 79184 | Pan      | Gained mutation: You are weak. (Str -2) [a cacodemon]
 79309 | Pan      | Noticed Mnoleg
 79445 | Pan      | Killed Mnoleg
 79451 | Pan      | Gained mutation: You are frail. (-10% HP) [a neqoxec]
 79488 | Pan      | Gained mutation: A frigid envelope surrounds you and
                  | freezes all who hurt you. [a cacodemon]
 79490 | Pan      | Received a gift from Sif Muna
 79498 | Pan      | Got a glowing rune of Zot
 79527 | Pan      | Identified the amulet "Mude" {Reflect rC+ SH+5}
 79613 | Pan      | Entered the realm of Gloorx Vloq.
 79806 | Pan      | Noticed Gloorx Vloq
 79826 | Pan      | Killed Gloorx Vloq
 79889 | Pan      | Got a dark rune of Zot
 80048 | Pan      | Noticed Yfaa the pandemonium lord
 80223 | Pan      | Received a gift from Sif Muna
 80353 | Pan      | Noticed Saithremo the pandemonium lord
 80427 | Pan      | Lost mutation: You are clumsy. (Dex -2) [a cacodemon]
 80765 | Pan      | Noticed Kautreh the pandemonium lord
 80777 | Pan      | Killed Kautreh the pandemonium lord
 80957 | Pan      | Found an exit through the horrors of the Abyss.
 81157 | Pan      | Got a demonic rune of Zot
 81374 | Pan      | Noticed Vevverr the pandemonium lord
 81380 | Pan      | Killed Vevverr the pandemonium lord
 81487 | Pan      | Received a gift from Sif Muna
 81488 | Pan      | Got Sif Muna's Grimoire of Spooky Action and Charms {god
                  | gift}
 81496 | Pan      | Identified the +3 chain mail of Purpose {Will+ Regen+}
 81538 | Pan      | Entered the realm of Cerebov.
 81588 | Pan      | Reached skill level 5 in Ranged Weapons
 81662 | Pan      | Identified the +7 falchion "Jeugav" {elec, rF+ rN+}
 81663 | Pan      | Identified the +1 troll leather armour of Zin's
                  | Felicitations {Regen+ Int-4 Slay+4 Stlth+}
 81781 | Pan      | Identified the +10 great sword of Caeqagy {holy, rC+ MP+9
                  | Str+2}
 81794 | Pan      | Identified the +10 shortbow "Naoske" {heavy, Str-5 Int+2
                  | Dex+3 Stlth+}
 81869 | Pan      | Found the +6 sword of Cerebov {flame}
 81869 | Pan      | Noticed Cerebov
 82030 | Pan      | Killed Cerebov
 82052 | Pan      | Got a fiery rune of Zot
 82089 | Pan      | Entered the realm of Lom Lobon.
 82248 | Pan      | Reached skill level 15 in Fire Magic
 82414 | Pan      | Learned a level 2 spell: Blink
 82559 | Pan      | Noticed Lom Lobon
 82713 | Pan      | Killed Lom Lobon
 82762 | Pan      | Got a magical rune of Zot
 83022 | Pan      | Identified the +0 buckler of the Moneychanger {Will+}
 83042 | Pan      | Noticed Ximi the pandemonium lord
 83048 | Pan      | Killed Ximi the pandemonium lord
 83142 | Pan      | Found an exit through the horrors of the Abyss.
 83151 | Pan      | Took an exit into the Abyss.
 83151 | Abyss:3  | Escaped into the Abyss
 83167 | Depths:2 | Escaped the Abyss
 83429 | D:12     | Bought a phantom mirror for 1040 gold pieces
 83575 | D:5      | Bought a potion of might for 60 gold pieces
 83575 | D:5      | Bought 2 potions of lignification for 90 gold pieces
 83575 | D:5      | Bought a potion of invisibility for 120 gold pieces
 83575 | D:5      | Bought a potion of attraction for 45 gold pieces
 83575 | D:5      | Bought a potion of lignification for 45 gold pieces
 83729 | D:11     | Bought a transparent lajatang for 480 gold pieces
 83729 | D:11     | Identified the +4 lajatang of Tilikil {antimagic, rElec rN+
                  | Str+2} (You bought it in a shop on level 11 of the Dungeon)
 83729 | D:11     | Bought a dazzling hand axe for 192 gold pieces
 83729 | D:11     | Identified the +1 hand axe of Skirmishing {heavy, rElec
                  | rC+++ Dex+3 Stlth-} (You bought it in a shop on level 11 of
                  | the Dungeon)
 83984 | Coc:1    | Entered Level 1 of Cocytus
 84329 | Coc:2    | Reached skill level 21 in Conjurations
 84481 | Coc:2    | Reached skill level 15 in Invocations
 84787 | Coc:3    | Paralysed by a wendigo for 1 turns
 85282 | Coc:5    | Gained mutation: You occasionally lose the ability to drink
                  | potions when taking damage. [mutagenic glow]
 85292 | Coc:5    | Paralysed by a wendigo for 1 turns
 85299 | Coc:5    | Gained mutation: You occasionally shout uncontrollably at
                  | your foes. [mutagenic glow]
 85317 | Hell     | Gained mutation: You occasionally lose the ability to read
                  | scrolls when taking damage. [mutagenic glow]
 85340 | Hell     | Lost mutation: You are weak. (Str -2) [potion of mutation]
 85340 | Hell     | Lost mutation: You are frail. (-10% HP) [potion of
                  | mutation]
 85340 | Hell     | Lost mutation: Your health recovers twice as slowly from
                  | being drained. [potion of mutation]
 85340 | Hell     | Gained mutation: You are dopey. (Int -2) [potion of
                  | mutation]
 85340 | Hell     | Gained mutation: You sometimes lose the ability to read
                  | scrolls when taking damage. [potion of mutation]
 85340 | Hell     | Lost mutation: You occasionally shout uncontrollably at
                  | your foes. [potion of mutation]
 85341 | Hell     | Lost mutation: Your flesh is cold resistant. (rC+) [potion
                  | of mutation]
 85341 | Hell     | Lost mutation: You sometimes lose the ability to read
                  | scrolls when taking damage. [potion of mutation]
 85341 | Hell     | Gained mutation: You are strong-willed. (Will+) [potion of
                  | mutation]
 85341 | Hell     | Gained mutation: Your body sometimes deteriorates upon
                  | taking damage. [potion of mutation]
 85342 | Hell     | Lost mutation: You occasionally lose the ability to drink
                  | potions when taking damage. [potion of mutation]
 85342 | Hell     | Lost mutation: A frigid envelope surrounds you and freezes
                  | all who hurt you. [potion of mutation]
 85342 | Hell     | Lost mutation: Your body sometimes deteriorates upon taking
                  | damage. [potion of mutation]
 85342 | Hell     | Gained mutation: You are weak. (Str -2) [potion of
                  | mutation]
 85342 | Hell     | Lost mutation: You are weak. (Str -2) [potion of mutation]
 85342 | Hell     | Gained mutation: You do not regenerate when monsters are
                  | visible. [potion of mutation]
 85342 | Hell     | Gained mutation: Your muscles are strong. (Str +4, Int/Dex
                  | -1) [potion of mutation]
 85343 | Hell     | Lost mutation: Your muscles are strong. (Str +4, Int/Dex
                  | -1) [potion of mutation]
 85343 | Hell     | Lost mutation: You are strong-willed. (Will+) [potion of
                  | mutation]
 85343 | Hell     | Lost mutation: You do not regenerate when monsters are
                  | visible. [potion of mutation]
 85343 | Hell     | Gained mutation: Your skin changes colour to match your
                  | surroundings (Stealth+). [potion of mutation]
 85343 | Hell     | Gained mutation: You have large cloven feet. [potion of
                  | mutation]
 85344 | Hell     | Lost mutation: You occasionally lose the ability to read
                  | scrolls when taking damage. [potion of mutation]
 85344 | Hell     | Lost mutation: You are dopey. (Int -2) [potion of mutation]
 85344 | Hell     | Lost mutation: Your skin changes colour to match your
                  | surroundings (Stealth+). [potion of mutation]
 85344 | Hell     | Gained mutation: You have a pair of small antennae on your
                  | head. [potion of mutation]
 85344 | Hell     | Gained mutation: Your mind is acute. (Int +4, Str/Dex -1)
                  | [potion of mutation]
 85344 | Hell     | Gained mutation: You sometimes lose your temper in combat.
                  | [potion of mutation]
 85344 | Hell     | Gained mutation: Your muscles are strong. (Str +4, Int/Dex
                  | -1) [potion of mutation]
 85453 | Tar:1    | Entered Level 1 of Tartarus
 85575 | Tar:1    | Reached skill level 15 in Shields
 85575 | Tar:1    | Reached skill level 15 in Evocations
 86724 | Tar:5    | Noticed a dread lich
 86733 | Tar:5    | Killed a dread lich
 87109 | Tar:7    | Entered Level 7 of Tartarus
 87545 | Tar:7    | Noticed a dread lich
 87547 | Tar:7    | Paralysed by a dread lich for 4 turns
 87550 | Tar:7    | Killed a dread lich
 87612 | Tar:7    | Noticed an ancient lich
 87619 | Tar:7    | Killed an ancient lich
 87814 | Tar:7    | Noticed an ancient lich
 87819 | Tar:7    | Killed an ancient lich
 87909 | Tar:7    | Noticed Ereshkigal
 88227 | Tar:7    | Reached skill level 15 in Spellcasting
 88260 | Tar:7    | Identified the +7 hand axe of Demand {spect, ^Drain rC+++
                  | rCorr Str+2}
 88261 | Tar:7    | Identified the +1 long sword "Dragon's Doom" {venom, Int+4
                  | Stlth+}
 88470 | Tar:7    | Identified the +5 war axe of Deformation {drain, rPois
                  | Int+3}
 88578 | Tar:7    | Identified the staff "Pendulum" {rElec rF+ rC+ Dex+3 Fire}
 88580 | Tar:7    | Identified the +0 pair of gloves "Zodes" {^Drain Str+6}
 88791 | Tar:7    | Identified the +3 war axe of the Philosopher {elec, +Blink
                  | Fly rElec Int-3}
 89103 | Tar:7    | Killed Ereshkigal
 89138 | Tar:7    | Got a bone rune of Zot
 89864 | Coc:7    | Entered Level 7 of Cocytus
 89982 | Coc:7    | Reached skill level 22 in Conjurations
 91258 | Coc:7    | Reached skill level 15 in Dodging
 91428 | Coc:7    | Noticed Antaeus
 91786 | Coc:7    | Killed Antaeus
 91829 | Coc:7    | Identified the +0 plate armour of Grace {rF- rC+ Str+3
                  | Dex+3}
 91838 | Coc:7    | Got an icy rune of Zot
 91980 | Coc:7    | Acquired the +1 pair of boots of Rotation {SInv}
 92107 | Geh:1    | Entered Level 1 of Gehenna
 93868 | Geh:7    | Entered Level 7 of Gehenna
 94614 | Geh:7    | Identified the +7 spear of Ignis's Generosity {freeze,
                  | Int+2}
 94636 | Geh:7    | Identified the +8 dagger of Butut {venom, Fly Dex+5}
 94645 | Geh:7    | Identified the +5 flail "Olauptev" {freeze, rC+}
 95018 | Geh:7    | Found the +13 sceptre of Asmodeus
 95018 | Geh:7    | Noticed Asmodeus
 95778 | Geh:7    | Killed Asmodeus
 95868 | Geh:7    | Got an obsidian rune of Zot
 95982 | Hell     | Learned a level 9 spell: Fire Storm
 96027 | Dis:1    | Entered Level 1 of the Iron City of Dis
 96027 | Dis:1    | Found a huge runed translucent gate.
 96027 | Dis:1    | Found a huge runed translucent gate.
 96027 | Dis:1    | Found a huge runed translucent gate.
 96027 | Dis:1    | Found a huge runed translucent gate.
 96027 | Dis:1    | Found a huge runed translucent gate.
 96027 | Dis:1    | Found a huge runed translucent gate.
 96027 | Dis:1    | Found a huge runed translucent gate.
 96027 | Dis:1    | Found a huge runed translucent gate.
 96027 | Dis:1    | Found a huge runed translucent gate.
 96028 | Dis:1    | Found a huge runed translucent gate.
 96096 | Dis:1    | Found a huge runed translucent gate.
 96097 | Dis:1    | Found a huge runed translucent gate.
 96098 | Dis:1    | Found a huge runed translucent gate.
 96233 | Dis:1    | Found a huge runed translucent gate.
 96233 | Dis:1    | Found a huge runed translucent gate.
 96235 | Dis:1    | Found a huge runed translucent gate.
 96235 | Dis:1    | Found a huge runed translucent gate.
 96235 | Dis:1    | Found a huge runed translucent gate.
 96238 | Dis:1    | Found a huge runed translucent gate.
 96254 | Dis:1    | Found a huge runed translucent gate.
 96254 | Dis:1    | Found a huge runed translucent gate.
 96256 | Dis:1    | Found a huge runed translucent gate.
 96257 | Dis:1    | Found a huge runed translucent gate.
 96258 | Dis:1    | Found a huge runed translucent gate.
 96259 | Dis:1    | Found a huge runed translucent gate.
 96259 | Dis:1    | Found a huge runed translucent gate.
 96264 | Dis:1    | Found a huge runed translucent gate.
 96265 | Dis:1    | Found a huge runed translucent gate.
 96265 | Dis:1    | Found a huge runed translucent gate.
 96265 | Dis:1    | Found a huge runed translucent gate.
 96265 | Dis:1    | Found a huge runed translucent gate.
 96267 | Dis:1    | Found a huge runed translucent gate.
 96268 | Dis:1    | Found a huge runed translucent gate.
 96297 | Dis:1    | Found a huge runed translucent gate.
 96297 | Dis:1    | Found a huge runed translucent gate.
 96301 | Dis:1    | Found a huge runed translucent gate.
 98072 | Dis:6    | Noticed an ancient lich
 98076 | Dis:6    | Killed an ancient lich
 98226 | Dis:7    | Entered Level 7 of the Iron City of Dis
 98321 | Dis:7    | Reached skill level 23 in Conjurations
 98518 | Dis:7    | Noticed a juggernaut
 98527 | Dis:7    | Killed a juggernaut
 98875 | Dis:7    | Noticed a juggernaut
 98886 | Dis:7    | Killed a juggernaut
 99793 | Dis:7    | Identified the +8 morningstar of Plunder {flame, Str+4
                  | Int-5 Stlth+}
 99916 | Dis:7    | Identified the ring of Etaor Anaepp {^Contam Fly rElec rN+
                  | Int+6}
100206 | Dis:7    | Noticed the Serpent of Hell
100231 | Dis:7    | Noticed a juggernaut
100313 | Dis:7    | Killed the Serpent of Hell
100388 | Dis:7    | Killed a juggernaut
100733 | Dis:7    | Noticed Dispater
100762 | Dis:7    | Killed Dispater
100815 | Dis:7    | Identified the +0 shortbow of Guile {drain, +Blink rF+ rC++
                  | Int-4}
100817 | Dis:7    | Identified the +5 flail "Qyazez" {flame, rPois MP+9 Str+3}
100820 | Dis:7    | Got an iron rune of Zot
101569 | Tomb:1   | Entered Level 1 of the Tomb of the Ancients
102375 | Tomb:1   | Noticed a royal mummy
102384 | Tomb:1   | Killed a royal mummy
102794 | Tomb:2   | Noticed a royal mummy
102794 | Tomb:2   | Noticed a royal mummy
102794 | Tomb:2   | Noticed a royal mummy
102794 | Tomb:2   | Noticed a royal mummy
102964 | Tomb:3   | Entered Level 3 of the Tomb of the Ancients
102979 | Tomb:3   | Noticed a royal mummy
102980 | Tomb:3   | Noticed a royal mummy
102986 | Tomb:3   | Noticed a royal mummy
102986 | Tomb:3   | Noticed a royal mummy
102987 | Tomb:3   | Killed a royal mummy
103005 | Tomb:3   | Killed a royal mummy
103024 | Tomb:3   | Identified the ring "Coech" {rPois rF+}
103030 | Tomb:3   | Noticed a royal mummy
103038 | Tomb:3   | Killed a royal mummy
103046 | Tomb:3   | Noticed a royal mummy
103046 | Tomb:3   | Noticed a royal mummy
103046 | Tomb:3   | Noticed a royal mummy
103046 | Tomb:3   | Noticed an ancient lich
103048 | Tomb:3   | Killed a royal mummy
103072 | Tomb:3   | Killed a royal mummy
103077 | Tomb:3   | Killed an ancient lich
103081 | Tomb:3   | Noticed a royal mummy
103082 | Tomb:3   | Killed a royal mummy
103082 | Tomb:3   | Killed a royal mummy
103087 | Tomb:3   | Killed a royal mummy
103102 | Tomb:3   | Killed a royal mummy
103411 | Tomb:3   | Got a golden rune of Zot
103455 | Tomb:3   | Found the +3 giant club "Skullcrusher" {speed, Str+7}
103462 | Tomb:3   | Found the +8 whip "Snakebite" {venom, curare, rPois}
103504 | Tomb:3   | Identified the +6 spear of the Twisting Whale {protect,
                  | +Blink Will+ Int-2 Dex+3}
103509 | Tomb:3   | Identified the +1 long sword of Fudagiat {heavy, rC+}
103514 | Tomb:3   | Identified the +2 rapier of Makhleb's Wrath {pain, rPois
                  | rF- MP+9 Int+4}
103523 | Tomb:3   | Identified the +5 quarterstaff "Luibent" {freeze, ^Drain
                  | rPois MP+9}
103528 | Tomb:3   | Identified the +0 scale mail "Guorrop" {rPois rC+++ rCorr
                  | Dex-3}
103533 | Tomb:3   | Identified the +1 falchion of the Eel {elec, Int+3}
103552 | Tomb:3   | Identified the +5 ring mail of the Shore {rCorr MP+9 Int-3
                  | Slay+6}
103557 | Tomb:3   | Identified the +7 falchion of Earthquakes {venom, Int+5
                  | Dex-2}
103559 | Tomb:3   | Identified the +0 robe of Refuge {rF++ Will+}
103606 | Tomb:2   | Killed a royal mummy
103644 | Tomb:2   | Killed a royal mummy
103659 | Tomb:2   | Killed a royal mummy
103664 | Tomb:2   | Killed a royal mummy
104041 | Tomb:1   | Noticed a royal mummy
104041 | Tomb:1   | Noticed a royal mummy
104045 | Tomb:1   | Noticed a royal mummy
104047 | Tomb:1   | Killed a royal mummy
104048 | Tomb:1   | Noticed a royal mummy
104049 | Tomb:1   | Killed a royal mummy
104051 | Tomb:1   | Noticed a royal mummy
104052 | Tomb:1   | Noticed a royal mummy
104053 | Tomb:1   | Noticed a royal mummy
104055 | Tomb:1   | Noticed a royal mummy
104734 | Zot:1    | Entered Level 1 of the Realm of Zot
105296 | Zot:1    | Noticed an orb of fire
105301 | Zot:1    | Gained mutation: You are vulnerable to cold. (rC-) [an orb
                  | of fire]
105306 | Zot:1    | Killed an orb of fire
105937 | Zot:2    | Noticed an orb of fire
105948 | Zot:2    | Killed an orb of fire
106039 | Zot:2    | Reached skill level 24 in Conjurations
106113 | Zot:2    | Identified the +1 arbalest "Emal" {elec, rF+ rCorr Str+3
                  | SInv}
106636 | Zot:3    | You are sucked into a shaft and drop 1 floor!
106714 | Zot:3    | Paralysed by a Killer Klown for 1 turns
108454 | Zot:5    | Entered Level 5 of the Realm of Zot
108930 | Zot:5    | Noticed an orb of fire
108932 | Zot:5    | Gained mutation: You occasionally lose the ability to drink
                  | potions when taking damage. [an orb of fire]
108938 | Zot:5    | Killed an orb of fire
108999 | Zot:5    | Noticed an orb of fire
108999 | Zot:5    | Gained mutation: You occasionally shout uncontrollably at
                  | your foes. [an orb of fire]
109001 | Zot:5    | Noticed an orb of fire
109031 | Zot:5    | Gained mutation: Potions are less effective at restoring
                  | your health. [an orb of fire]
109034 | Zot:5    | Gained mutation: You occasionally lose the ability to read
                  | scrolls when taking damage. [an orb of fire]
109036 | Zot:5    | Noticed an orb of fire
109037 | Zot:5    | Killed an orb of fire
109039 | Zot:5    | Killed an orb of fire
109041 | Zot:5    | Gained mutation: You are partially covered in iridescent
                  | scales. (AC +2) [an orb of fire]
109044 | Zot:4    | Killed an orb of fire
109077 | Zot:4    | Lost mutation: You occasionally lose the ability to drink
                  | potions when taking damage. [potion of mutation]
109077 | Zot:4    | Lost mutation: You are partially covered in iridescent
                  | scales. (AC +2) [potion of mutation]
109078 | Zot:4    | Lost mutation: Your muscles are strong. (Str +4, Int/Dex
                  | -1) [potion of mutation]
109078 | Zot:4    | Lost mutation: You occasionally shout uncontrollably at
                  | your foes. [potion of mutation]
109078 | Zot:4    | Lost mutation: Potions are less effective at restoring your
                  | health. [potion of mutation]
109078 | Zot:4    | Gained mutation: You are somewhat resistant to further
                  | mutation. [potion of mutation]
109079 | Zot:4    | Lost mutation: You occasionally lose the ability to read
                  | scrolls when taking damage. [potion of mutation]
109079 | Zot:4    | Lost mutation: You have a pair of small antennae on your
                  | head. [potion of mutation]
109079 | Zot:4    | Lost mutation: You are somewhat resistant to further
                  | mutation. [potion of mutation]
109079 | Zot:4    | Gained mutation: Potions are less effective at restoring
                  | your health. [potion of mutation]
109079 | Zot:4    | Gained mutation: Your spells are a little harder to cast,
                  | but a little more powerful. [potion of mutation]
109079 | Zot:4    | Gained mutation: You have supernaturally acute eyesight.
                  | (SInv) [potion of mutation]
109650 | Zot:5    | Noticed an orb of fire
109657 | Zot:5    | Gained mutation: You occasionally lose the ability to read
                  | scrolls when taking damage. [an orb of fire]
109667 | Zot:5    | Gained mutation: Your body sometimes deteriorates upon
                  | taking damage. [an orb of fire]
109668 | Zot:5    | Killed an orb of fire
109754 | Zot:5    | Noticed an ancient lich
109760 | Zot:5    | Killed an ancient lich
111160 | Zot:5    | Got the Orb of Zot
111836 | D:$      | Escaped with the Orb!

Illustrated notes

Levels and vault maps discovered:
D:1:      onia_arrival_zoo_common, layout_loops_ring, minmay_small_reverse_x
D:2:      layout_loops_ring, st_stairs_9, minmay_misc_feat_tower,
          uniq_crazy_yiuf_cottage
D:3:      layout_loops_ring, nicolae_ecumenical_pavilion
D:4:      layout_cave_pods, kiku_gazebo_garden_becter, grunt_ministairs_5,
          minmay_cut_off, uniq_pikel, uniq_sigmund, uniq_edmund, uniq_eustachio
D:5:      layout_basic, nicolae_shop_distant_corner_stores,
          chequers_serial_rivers_micro_e, fountainhead, minmay_misc_feat_doors,
          kennysheep_flooded_box, serial_bayou_lake_a
D:6:      layout_loops_ring, nicolae_ashenzari_skybound
D:7:      layout_cave_pools, minmay_temple_entry_hall
D:8:      layout_basic, erik_lair_dragon, uniq_erica, uniq_maggie
D:9:      layout_loops_cross, nicolae_custom_books
D:10:     layout_small_grid, jmf_multi_god_temple2,
          nicolae_ru_the_path_less_chosen, david_orc_5, uniq_grum
D:11:     layout_gridville, serial_shops, nicolae_shop_real_fake_doors,
          minivault_7
D:12:     layout_loops_ring, serial_shops, shop
D:13:     layout_loops_ring, erik_vaults_2, uniq_azrael
D:14:     layout_big_octagon, serial_shops, shop,
          serial_library_hellmonk_big_corner, grunt_ministairs_7, minivault_11,
          minmay_misc_feat_more_columns
D:15:     hangedman_depths_entry_civil_slaughter, layout_loops_ring,
          corexii_corridor_pit, solitary_fountain, st_stairs_9,
          hellmonk_guarded_unrand_vitality_bloodlust
Temple:   nicolae_temple_bog_church
Lair:1:   layout_cave_pods, grunt_megastairs_4, uniq_nergalle
Lair:2:   layout_regular_city, wad_woods_02
Lair:3:   layout_cellular_growth, nicolae_shoals_entry_roost,
          nicolae_snake_entry_warm_welcome, gauntlet_entry_generic,
          lemuel_centaur_altar
Lair:4:   layout_regular_city
Lair:5:   due_jungle_book, layout_cave_pods, minmay_slime_entry_eyes,
          ldierk_geyser, uniq_josephine
Shoals:1: layout_shoals, nicolae_shoals_circle_sea_wall
Shoals:2: layout_shoals, nicolae_shoals_drake_roost
Shoals:3: layout_shoals, uniq_roxanne
Shoals:4: shoals_end_hellmonk_storm_palace [storm_palace_center_circular,
          storm_palace_corner_grid, storm_palace_corner_grid,
          storm_palace_corner_grid, storm_palace_corner_narrow]
Snake:1:  layout_basic, serial_bayou_shore_b, uniq_frances
Snake:2:  layout_onion, drop_trap, corexii_hall_statues_l,
          nicolae_snake_double_loop, uniq_asterion, uniq_mlioglotl, uniq_donald
Snake:3:  layout_layer_cave, serial_bayou_shore_b, serial_bayou_shore_b
Snake:4:  snake_pit_salamanders_mu, layout_onion
Slime:1:  layout_caves
Slime:2:  layout_caves, basic_altar
Slime:3:  nicolae_slime_pool, layout_caves
Slime:4:  cheibrodos_slime_lost_civilization_8, layout_caves
Slime:5:  slime_pit_nicolae_block_by_block
Orc:1:    layout_caves, mines4_lemuel
Orc:2:    grunt_orc_gardens, layout_caves, grunt_orc_garden, grunt_orc_garden,
          grunt_orc_garden, grunt_orc_garden, basic_altar, uniq_urug
Elf:1:    elf_arrival_002, layout_gridlike, serial_shops, bzr_firewalk,
          hangedman_elven_crosses_minicolossus
Elf:2:    nicolae_elf_blades_crystal_corner, layout_gridlike
Elf:3:    minmay_elf_hall_spiked, layout_gridlike, serial_shops, shop,
          basic_altar
Vaults:1: nicolae_vaults_six-pack, v_misc_14, hangedman_vaults_stream,
          dpeg_vaults_monster_box, st_octagons_2, nicolae_vaults_double_plus_1,
          nicolae_vaults_lightning_bolt, nicolae_vaults_tetromino_T_1,
          nicolae_vaults_trapezoid_2, vaults_room_stairs_pillars,
          nicolae_vaults_trapezoid_layered, nicolae_vaults_storage_room_doors,
          ontoclasm_vaults_fault, v_misc_32, ontoclasm_vaults_bender,
          layout_vaults_maze_bifur, serial_shops,
          nicolae_shop_overgrown_old_shop
Vaults:2: nicolae_vaults_double_plus_2, nicolae_vaults_house_3,
          nicolae_vaults_tetromino_L_2, nicolae_vaults_storage_closets_1,
          nicolae_vaults_stepped_doors, nicolae_vaults_trapezoid_lopsided_3,
          ontoclasm_vaults_ring_square, nicolae_vaults_trapezoid_4,
          layout_vaults_omnigrid, minmay_crypt_entry_necro_gods
Vaults:3: vaults_room_hangedman_quadrants, nicolae_vaults_network_barrier,
          v_alt_pattern_3, nicolae_vaults_two_Ls, nicolae_vaults_network_square,
          nicolae_vaults_closet_pinwheel_1, hangedman_vaults_capsules,
          ontoclasm_vaults_tryst, nicolae_vaults_trapezoid_layered,
          nicolae_vaults_alarming, nicolae_vaults_mini_display_case,
          nicolae_vaults_octothorpe, layout_vaults_big_room, serial_shops, shop,
          uniq_margery
Vaults:4: nicolae_vaults_prndl, hangedman_vaults_river_flow,
          nicolae_vaults_closet_pinwheel_3, v_misc_14, v_misc_31,
          nicolae_vaults_closet_pinwheel_4, nicolae_vaults_diamond_1,
          nicolae_vaults_specimen_jars, nicolae_vaults_closet_pinwheel_1,
          nicolae_vaults_house_3, v_misc_25, hangedman_vaults_maws,
          nicolae_vaults_little_squares_2, vaults_dpeg_spiral,
          layout_vaults_ring, serial_shops, shop, uniq_zenata
Vaults:5: serial_shops
Crypt:1:  layout_gridlike, grunt_crypt_arrival_webbed, uniq_mennas
Crypt:2:  layout_chaotic_city, minmay_strange_pillars, hangedman_blasphemy,
          uniq_bai_suzhen
Crypt:3:  church_of_pain_bobbens, layout_chaotic_city
Tomb:1
Tomb:2
Tomb:3
Depths:1: layout_basic, nicolae_tricolors,
          nicolae_hell_entry_hellmouth_sunbeams, hangedman_corner_corridor
Depths:2: kennysheep_windowed_halls, layout_basic, kennysheep_minor_cross,
          pf_vacation_house_of_asmodeus, rand_demon_pan_entry_7,
          reono_crystal_passage
Depths:3: spriggan_forest, abyss_entry, hell_entry, uniq_vv
Depths:4: evilmike_zot_entry_hall, layout_basic, enter_ziggurat_a, hell_entry,
          serial_shops, nicolae_shop_just_a_little_nook, nicolae_eternal_life,
          serial_bayou_shore_b
Hell
Dis:1:    layout_subdivisions, nrook_loot_triangle, door_vault
Dis:2:    layout_regular_city
Dis:3:    layout_subdivisions
Dis:4:    layout_jigsaw, nicolae_dis_grated_feature
Dis:5:    layout_jigsaw, nicolae_dis_spooky_hallway
Dis:6:    layout_subdivisions
Dis:7:    dis_grunt_layers
Geh:1:    layout_gehenna_lava_caves
Geh:2:    layout_gehenna_pools_basic, nicolae_geh_amphitheater
Geh:3:    layout_gehenna_lava_caves
Geh:4:    layout_gehenna_lava_caves
Geh:5:    layout_gehenna_pools_triple
Geh:6:    layout_gehenna_lava_caves
Geh:7:    evilmike_geh
Coc:1:    layout_cocytus_water_paths
Coc:2:    layout_ice_bergs, serial_ice, serial_ice_m, serial_ice_n,
          serial_ice_a, serial_ice_h
Coc:3:    layout_cocytus_water_paths
Coc:4:    layout_cocytus_water_paths
Coc:5:    layout_ice_bergs
Coc:6:    layout_cocytus_water_paths
Coc:7:    coc_grunt_cove [coc_grunt_cove_antaeus, coc_grunt_cove_fiend,
          coc_grunt_cove_fiend, coc_grunt_cove_fiend, coc_grunt_cove_fiend]
Tar:1:    layout_cathedral_of_symmetry
Tar:2:    layout_grid_maze
Tar:3:    hangedman_tartarus_temple_path, layout_cathedral_of_symmetry
Tar:4:    layout_grid_maze
Tar:5:    layout_grid_maze
Tar:6:    nicolae_hells_demon_pit, layout_cathedral_of_symmetry
Tar:7:    tar_old
Zot:1:    layout_twisted_circle
Zot:2:    kennysheep_oblong_rooms, layout_basic, hangedman_zot_decor_slant
Zot:3:    layout_cathedral_of_symmetry, regret_index_zotdec_split_disrupt,
          hangedman_zot_gyre
Zot:4:    layout_onion_interference
Zot:5:    layout_misc_corridors, grunt_ministairs_9

Skill      XL: |  1  2  3  4  5  6  7  8  9 10 11 12 13 14 15 16 17 18 19 20 21 22 23 24 25 26 27 |
---------------+----------------------------------------------------------------------------------+-----
Fighting       | 1 2 3 4 5 6 7 8 9 10 11 12 13 14 15 21 | 21.7
Armour         | 1 2 3 4 5 6 7 8 9 10 11 12 13 14 15 21 | 21.2
Conjurations   | 5 6 7 8 9 10 11 12 13 14 15 16 17 18 19 20 24 | 24.5
Dodging        | 2 3 4 5 6 7 8 9 10 11 18 | 18.2
Stealth        | 3 4 5 6 7 8 9 10 11 12 13 14 15 16 22 | 22.8
Spellcasting   | 3 4 5 6 7 8 9 10 11 12 17 | 17.9
Alchemy        | 1 2 3 4 5 6 7 8 |  8.0
Translocations | 1 2 3 4 5 |  5.0
Evocations     | 1 2 3 4 5 6 7 8 9 10 11 12 18 | 18.7
Fire Magic     | 1 3 4 5 6 7 8 9 10 11 12 22 | 22.4
Staves         | 1 3 4 5 6 7 8 9 10 11 12 | 12.0
Invocations    | 2 3 4 6 7 8 9 10 11 12 13 19 | 19.6
Short Blades   | 1 3 4 5 |  5.0
Earth Magic    | 6 8 9 10 11 12 13 14 15 16 22 | 22.2
Shields        | 1 3 5 6 7 8 9 10 11 12 19 | 19.6
Ice Magic      | 2 3 5 |  5.0
Air Magic      | 1 3 4 5 |  5.0
Summonings     | 3 8 |  8.0
Ranged Weapons | 5 |  5.0

Action                     |  1- 3 |  4- 6 |  7- 9 | 10-12 | 13-15 | 16-18 | 19-21 | 22-24 | 25-27 || total
---------------------------+-------+-------+-------+-------+-------+-------+-------+-------+-------++-------
  Melee: Unarmed           |     9 |       |       |       |       |       |       |       |     2 ||    11
         Dagger            |     1 |     5 |    34 |     2 |     2 |    17 |    24 |    13 |   102 ||   200
         Flail             |       |       |    16 |    11 |       |       |       |       |       ||    27
         Staff             |       |       |       |    37 |    13 |   171 |   168 |   101 |  1010 ||  1500
         Punch             |       |       |       |       |       |     1 |       |       |       ||     1
   Fire: Sling             |       |       |       |       |     2 |       |       |       |       ||     2
         Hand cannon       |       |       |       |       |       |       |       |       |     9 ||     9
   Cast: Magic Dart        |    56 |    42 |    90 |    68 |       |       |       |     1 |       ||   257
         Searing Ray       |     4 |    19 |    68 |    77 |     9 |     5 |       |       |       ||   182
         Fulminant Prism   |       |       |     1 |    87 |    68 |   267 |     6 |       |     2 ||   431
         Iskenderun's Myst |       |       |     1 |    25 |     6 |   100 |    54 |   108 |    54 ||   348
         Sticky Flame      |       |       |       |    35 |    33 |   172 |   138 |    75 |   217 ||   670
         Olgreb's Toxic Ra |       |       |       |       |    10 |   211 |    86 |   126 |    43 ||   476
         Orb of Destructio |       |       |       |       |       |    66 |   363 |   374 |   951 ||  1754
         Freezing Cloud    |       |       |       |       |       |    37 |   130 |   137 |    83 ||   387
         Irradiate         |       |       |       |       |       |       |    21 |    26 |    62 ||   109
         Lehudib's Crystal |       |       |       |       |       |       |       |       |  1337 ||  1337
         Spellforged Servi |       |       |       |       |       |       |       |       |   360 ||   360
         Ignition          |       |       |       |       |       |       |       |       |    78 ||    78
         Fire Storm        |       |       |       |       |       |       |       |       |    33 ||    33
         Blink             |       |       |       |       |       |       |       |       |     2 ||     2
         Death's Door      |       |       |       |       |       |       |       |       |     1 ||     1
 Invoke: Channel Magic     |       |       |       |     1 |     1 |       |     1 |     2 |   101 ||   106
         Divine Exegesis   |       |       |       |       |       |       |       |       |     1 ||     1
  Evoke: Wand              |       |       |       |       |     3 |       |       |       |    10 ||    13
         Condenser vane    |       |       |       |       |       |       |     1 |       |     1 ||     2
         Phantom mirror    |       |       |       |       |       |       |       |       |     1 ||     1
    Use: Potion            |       |       |     6 |       |     4 |       |       |       |    37 ||    47
         Scroll            |       |       |     9 |     3 |     2 |    10 |     6 |     5 |    58 ||    93
   Stab: Sleeping          |       |       |       |     2 |     2 |    13 |    15 |    10 |    83 ||   125
         Petrified         |       |       |       |       |       |     1 |       |       |       ||     1
         Distracted        |       |       |       |       |       |       |     1 |       |    10 ||    11
 Armour: Robe              |     1 |       |       |       |       |       |       |       |       ||     1
         Leather armour    |     5 |    21 |   131 |       |    39 |   596 |   526 |   243 |       ||  1561
         Steam dragon scal |       |       |       |   204 |    67 |       |       |       |       ||   271
         Acid dragon scale |       |       |       |       |       |       |       |   123 |  2882 ||  3005
  Dodge: Dodged            |     8 |    17 |    97 |   171 |    81 |   374 |   234 |   136 |  1551 ||  2669
         Repelled          |       |       |       |       |       |       |       |       |    75 ||    75
  Block: Buckler           |       |       |       |       |       |   129 |   148 |    97 |  1064 ||  1438
